 Dungeon Crawl Stone Soup version 0.31.0-12-g77e489cdc1 (webtiles) character file.

Game seed: 15616065660500234049

3143855 Ntrails the Skullcrusher (level 27, 419/419 HPs)
             Began as an Oni Warper on Feb 11, 2024.
             Was the Champion of Jiyva.
             Escaped with the Orb
             ... and 6 runes on Feb 18, 2024!
             The game lasted 06:32:49 (109536 turns).

Ntrails the Skullcrusher (Oni Warper)             Turns: 109536, Time: 06:32:50

Health: 419/419    AC: 33    Str: 36    XL:     27
Magic:  46/46      EV: 18    Int: 19    God:    Jiyva [******]
Gold:   5016       SH:  0    Dex: 25    Spells: 22/65 levels left

rFire   + + .        G - +5 giant spiked club of Untimely Demise {speed, rN+ Will+ Str+3 Dex+5}
rCold   + + .        (shield currently unavailable)
rNeg    + + .        R - melded +4 storm dragon scales {Bai Suzhen} rPois โˆž
                     Q - +2 hat
rElec   +            K - +0 cloak "Tuyboe" {Fly rC+ Stlth-}
rCorr   +            (gloves unavailable)
SInv    +            (boots unavailable)
Will    ++++.        M - amulet of Morality {Reflect rPois Str+4 Int-3 Dex+6 SH+5} Stlth
                     w - ring "Moamopex" {Fly Int+4 Dex+6 Slay+6}
HPRegen 2.49/turn    v - ring of see invisible
MPRegen 1.10/turn

%: reflection
@: confused, mighty, brilliant, statue-form, resistant, slimy, ambrosia-drunk,
attractive, enlightened, flying, studying Staves, very slow
A: slow and powerful, torment resistance 1, boosted hp, large, unfitting armour,
horns 1, (tough skin 1), double potion healing, drunken brawling, hooves 2, fire
resistance 1, (gelatinous body 1), pseudopods 2, jelly sensing items, inability
to drink after injury 1, MP-powered wands
0: Orb of Zot
}: 6/15 runes: decaying, serpentine, slimy, silver, abyssal, dark
a: Begin Untransformation, Renounce Religion, Oozemancy, Slimify


You escaped.
You worshipped Jiyva.
Jiyva was exalted by your worship.
You were a living statue of rough stone.
You visited 12 branches of the dungeon, and saw 54 of its levels.
You visited Pandemonium 1 time, and saw 10 of its levels.
You visited the Abyss 5 times.
You visited 1 ziggurat, and saw 17 of its levels.
You also visited: Sewer, Ossuary, Ice Cave and Desolation.

You collected 9555 gold pieces.
You spent 4539 gold pieces at shops.


Innate Abilities, Weirdness & Mutations

You are a living statue of rough stone.
Your actions are slow, but your melee attacks are powerful.
You are resistant to unholy torment.
Your maximum health is greatly increased.
Your equipment is partially melded.
You are too large for most types of armour.
You are immune to poison.
You have a pair of small horns on your head.
((You have tough skin. (AC +1)))
You gain doubled healing and magic from potions.
Whenever you drink a healing potion, you attack all around you.
You have hoof-like feet.
Your flesh is heat resistant. (rF+)
((Your rubbery body absorbs attacks. (AC +1, EV +1)))
Armour fits poorly on your large pseudopods.
You have a small jelly attached to you that senses nearby items.
You occasionally lose the ability to drink potions when taking damage.
You expend magic power (3 MP) to strengthen your wands.


   Skills:
 O Level 27 Fighting
 O Level 27 Maces & Flails
 + Level 12.3 Throwing
 - Level 17.0 Armour
 + Level 9.6 Dodging
 - Level 3.0 Shields
 + Level 19.8 Spellcasting
 - Level 5.0 Conjurations
 + Level 18.3 Necromancy
 - Level 16.0 Translocations
 - Level 5.0 Air Magic
 - Level 18.0 Invocations
 - Level 5.0 Evocations
 + Level 18.6 Shapeshifting


You had 22 spell levels left.
You knew the following spells:

 Your Spells              Type           Power      Damage    Failure   Level
a - Apportation           Tloc           100%       N/A       0%          1
b - Blink                 Tloc           100%       N/A       0%          2
c - Death Channel         Necr           46%        N/A       1%          6
d - Animate Dead          Necr           93%        N/A       0%          4
i - Iskenderun's Mystic   Conj/Tloc      73%        2d15      1%          4
m - Manifold Assault      Tloc           88%        N/A       1%          4
p - Passage of Golubria   Tloc           88%        N/A       1%          4
t - Teleport Other        Tloc           88%        N/A       0%          3
I - Infestation           Necr           46%        N/A       10%         8
X - Vhi's Electric Charg  Tloc/Air       100%       N/A       1%          4
Y - Fugue of the Fallen   Necr           93%        N/A       0%          3

Your spell library contained the following spells:

 Spells                   Type           Power      Damage    Failure   Level
 Necrotise                Necr           100%       1d9       0%          1
 Lesser Beckoning         Tloc           100%       N/A       0%          2
 Gell's Gravitas          Tloc           88%        N/A       0%          3
 Vampiric Draining        Necr           93%        2d12      0%          3
 Kiss of Death            Conj/Necr      100%       2d13      1%          1
 Magic Dart               Conj           100%       1d8       1%          1
 Shock                    Conj/Air       100%       1d9       1%          1
 Sting                    Conj/Alch      100%       1d9       1%          1
 Cigotuvi's Dreadful Rot  Necr/Alch/Air  100%       N/A       1%          2
 Mercury Vapours          Alch/Air       84%        N/A       1%          2
 Momentum Strike          Conj/Tloc      100%       3d10      1%          2
 Mephitic Cloud           Conj/Alch/Air  47%        N/A       1%          3
 Swiftness                Air            54%        N/A       1%          3
 Volatile Blastmotes      Fire/Tloc      100%       2d18      1%          3
 Anguish                  Hex/Necr       34%        N/A       1%          4
 Dimensional Bullseye     Hex/Tloc       32%        N/A       1%          4
 Martyr's Knell           Necr/Summ      69%        N/A       1%          4
 Borgnjor's Vile Clutch   Necr/Erth      34%        N/A       1%          5
 Curse of Agony           Necr           93%        N/A       1%          5
 Dispersal                Tloc           44%        N/A       1%          6
 Sandblast                Erth           56%        2d13      2%          1
 Summon Small Mammal      Summ           100%       N/A       2%          1
 Dazzling Flash           Conj/Hex       84%        N/A       3%          3
 Hailstorm                Conj/Ice       42%        3d9       3%          3
 Stone Arrow              Conj/Erth      84%        3d12      3%          3
 Airstrike                Air            27%        2d(4-20)  3%          4
 Call Imp                 Summ           56%        N/A       4%          2
 Ensorcelled Hibernation  Hex/Ice        56%        N/A       4%          2
 Jinxbite                 Hex            56%        N/A       4%          2
 Scorch                   Fire           56%        2d7       4%          2
 Call Canine Familiar     Summ           28%        N/A       9%          3
 Inner Flame              Hex/Fire       28%        N/A       9%          3
 Passwall                 Erth           28%        N/A       9%          3
 Summon Ice Beast         Ice/Summ       28%        N/A       9%          3
 Tukima's Dance           Hex            28%        N/A       9%          3
 Brom's Barrelling Bould  Conj/Erth      42%        2d6       10%         4
 Flame Wave               Conj/Fire      42%        2d11      10%         4
 Arcjolt                  Conj/Air       27%        1d37      10%         5
 Iskenderun's Battlesphe  Conj           54%        2d10      10%         5
 Borgnjor's Revivificati  Necr           46%        N/A       10%         8
 Freezing Cloud           Conj/Ice/Air   23%        6-21      19%         5
 Animate Armour           Summ/Erth      56%        N/A       26%         4
 Cause Fear               Hex            14%        N/A       26%         4
 Ignite Poison            Fire/Alch      28%        N/A       26%         4
 Leda's Liquefaction      Alch/Erth      14%        N/A       26%         4
 Olgreb's Toxic Radiance  Alch           28%        N/A       26%         4
 Petrify                  Alch/Erth      28%        N/A       26%         4
 Sticky Flame             Fire/Alch      28%        2d7       26%         4
 Summon Blazeheart Golem  Fire/Summ      28%        N/A       26%         4
 Fireball                 Conj/Fire      21%        3d10      26%         5
 Irradiate                Conj/Alch      21%        3d18      26%         5
 Silence                  Hex/Air        21%        N/A       26%         5
 Disjunction              Tloc           44%        N/A       26%         8
 Conjure Ball Lightning   Conj/Air       27%        3x3d8     47%         6
 Haunt                    Necr/Summ      34%        N/A       47%         7
 Alistair's Intoxication  Alch           18%        N/A       58%         5
 Lee's Rapid Deconstruct  Erth           14%        3d9*      58%         5
 Summon Mana Viper        Hex/Summ       28%        N/A       58%         5
 Yara's Violent Unravell  Hex/Alch       14%        3d7       58%         5
 Malign Gateway           Summ/Tloc      32%        N/A       65%         7
 Bombard                  Conj/Erth      21%        9d4       83%         6
 Plasma Beam              Fire/Air       21%        2x1d33    83%         6
 Starburst                Conj/Fire      21%        6d7       83%         6
 Death's Door             Necr           46%        N/A       83%         9
 Orb of Destruction       Conj           27%        9d9       96%         7
 Sculpt Simulacrum        Ice/Alch       14%        N/A       99%         6
 Summon Cactus Giant      Summ           14%        N/A       99%         6
 Enfeeble                 Hex            14%        N/A       100%        7
 Ozocubu's Refrigeration  Ice            14%        4d10      100%        7
 Spellforged Servitor     Conj/Summ      21%        N/A       100%        7
 Summon Hydra             Summ           14%        N/A       100%        7
 Discord                  Hex            14%        N/A       100%        8
 Ignition                 Fire           14%        3d6       100%        8
 Lehudib's Crystal Spear  Conj/Erth      21%        10d6      100%        8
 Maxwell's Capacitive Co  Air            27%        โˆž       100%        8
 Summon Horrible Things   Summ           14%        N/A       100%        8
 Chain Lightning          Conj/Air       27%        3d36      100%        9
 Dragon's Call            Summ           14%        N/A       100%        9
 Fire Storm               Conj/Fire      21%        8d5       100%        9
 Polar Vortex             Ice            14%        12d1*     100%        9
 Shatter                  Erth           14%        3d14*     100%        9
 Sublimation of Blood     Necr           Unusable   N/A       N/A         2

Inventory:

Hand Weapons
 b - a +9 giant spiked club of holy wrath
   (You found it on level 2 of the Orcish Mines)
 y - the +7 lajatang of Order {silver, rMut}
   (You found it on level 5 of a ziggurat)

   rMut:      It protects you from mutation.
 G - the +5 giant spiked club of Untimely Demise (weapon) {speed, rN+ Will+ Str+3 Dex+5}
   (You acquired it on level 5 of the Dungeon)

   Str+3:     It affects your strength (+3).
   Dex+5:     It affects your dexterity (+5).
   rN+:       It protects you from negative energy.
   Will+:     It increases your willpower.
Missiles
 d - 6 throwing nets {=f!f}
 m - 13 silver javelins
 p - 8 darts of dispersal {=f!f}
 t - 8 javelins
 u - 21 curare-tipped darts {=f}
 B - 108 large rocks {=f}
Armour
 z - +0 pearl dragon scales {rare}
   (You found it on level 5 of a ziggurat)
 K - the +0 cloak "Tuyboe" (worn) {Fly rC+ Stlth-}
   (You found it on level 4 of the Swamp)

   rC+:       It protects you from cold.
   Fly:       It grants you flight.
   Stlth-:    It makes you less stealthy.
 Q - a +2 hat (worn)
   (You found it on level 7 of the Dungeon)
 R - +4 storm dragon scales (melded) {Bai Suzhen}
   (You found it on level 3 of the Swamp)
Jewellery
 v - a ring of see invisible (right fist)
   (You found it on level 2 of the Lair of Beasts)
 w - the ring "Moamopex" (left fist) {Fly Int+4 Dex+6 Slay+6}
   (You bought it in a shop on level 2 of the Orcish Mines)

   [ring of dexterity]

   Int+4:     It affects your intelligence (+4).
   Dex+6:     It affects your dexterity (+6).
   Slay+6:    It affects your accuracy & damage with ranged weapons and melee
   (+6).
   Fly:       It grants you flight.
 C - the ring "Oset" {Wiz rF+}
   (You found it on level 14 of a ziggurat)

   [ring of wizardry]

   Wiz:       It improves your spell success rate.
   rF+:       It protects you from fire.
 E - the ring "Lihachel" {rPois rF+ MP+9 Str+3 Dex-3}
   (You bought it in a shop on level 2 of the Snake Pit)

   [ring of poison resistance]

   Str+3:     It affects your strength (+3).
   Dex-3:     It affects your dexterity (-3).
   rF+:       It protects you from fire.
   rPois:     It protects you from poison MP+9: It affects your magic capacity
   (+9).
 M - the amulet of Morality (around neck) {Reflect rPois Str+4 Int-3 Dex+6 SH+5}
   (You bought it in a shop on level 2 of the Dungeon)

   [amulet of reflection]

   Reflect:   It reflects blocked missile attacks.
   Str+4:     It affects your strength (+4).
   Int-3:     It affects your intelligence (-3).
   Dex+6:     It affects your dexterity (+6).
   rPois:     It protects you from poison SH+5: It affects your SH (+5).
 O - the amulet "Gokino" {rC+ Regen+ MP+9 Slay+2}
   (You found it on level 14 of a ziggurat)

   [amulet of regeneration]

   Slay+2:    It affects your accuracy & damage with ranged weapons and melee
   (+2).
   rC+:       It protects you from cold.
   MP+9:      It affects your magic capacity (+9).
   Regen+:    It increases your rate of health regeneration.
 S - the ring of Voryl {rC+ Str+6 Slay+3}
   (You found it on level 14 of a ziggurat)

   [ring of strength]

   Str+6:     It affects your strength (+6).
   Slay+3:    It affects your accuracy & damage with ranged weapons and melee
   (+3).
   rC+:       It protects you from cold.
Talismans
 A - a granite talisman (active)
   (You took it off Roxanne on level 2 of the Snake Pit)
 L - a talisman of death
   (You found it on level 3 of the Elven Halls)
Wands
 I - a wand of acid (55)
   (You found it on level 5 of the Dungeon)
 Y - a wand of digging (11)
   (You found it on level 14 of the Dungeon)
 Z - a wand of roots (50)
   (You found it on level 14 of the Dungeon)
Scrolls
 c - 4 scrolls of blinking {!r}
 e - 21 scrolls of teleportation {@r4}
 h - a scroll of summoning
 j - 7 scrolls of enchant armour
 k - 4 scrolls of silence {!r}
 l - 10 scrolls of fog
 o - 5 scrolls of revelation
 q - 7 scrolls of enchant weapon
 J - a scroll of acquirement
 N - 6 scrolls of fear
Potions
 a - 5 potions of ambrosia
 f - 6 potions of haste {@q3}
 g - 4 potions of invisibility
 i - 12 potions of enlightenment
 n - a potion of resistance
 x - 2 potions of magic
 D - a potion of cancellation
 F - 5 potions of lignification {!q}
 H - 6 potions of might
 T - 10 potions of heal wounds {@q2}
 U - 8 potions of brilliance
 V - 9 potions of mutation {!q}
 W - 6 potions of attraction {!q}
 X - 11 potions of curing {@q1}
Miscellaneous
 r - a lightning rod (4/4)
   (You found it on level 4 of the Snake Pit)
 s - a phial of floods
   (You found it in an ice cave)
 P - the horn of Geryon
   (You took it off Geryon in the Vestibule of Hell)

Dungeon Overview and Level Annotations

Branches:
Dungeon (15/15)            Temple (1/1) D:5            Lair (5/5) D:11
  Swamp (4/4) Lair:2        Snake (4/4) Lair:3        Slime (5/5) Lair:5
    Orc (2/2) D:10            Elf (3/3) Orc:2        Vaults (5/5) D:14
  Crypt (0/3) Vaults:3     Depths (4/4) D:15           Hell (visited)
    Dis (0/7) Hell            Geh (0/7) Hell            Coc (0/7) Hell
    Tar (0/7) Hell            Zot (5/5) Depths:4      Sewer (visited)
Ossuary (visited)           IceCv (visited)         Desolation (visited)

Altars:
Ashenzari
Cheibriados
Dithmenos
Elyvilon
Fedhas
Gozag
Hepliaklqana
Kikubaaqudgha
Makhleb
Nemelex Xobeh
Okawaru
Qazlal
Ru
Sif Muna
Trog
Uskayaw
Vehumet
Wu Jian
Xom
Yredelemnul
Zin
The Shining One
Jiyva

Shops:
D:2 =   D:5 ??(**   D:7 ?   D:10 =   Orc:2 :=[*   Elf:1 ?   Snake:2 =
Depths:1 *   Depths:2 :   Depths:3 :

Portals:
Hell: Depths:1 Depths:2 Depths:3 Depths:4
Abyss: Depths:3
Pandemonium: Depths:2 Depths:3

Annotations:
Slime:5 Royal Jelly
Vaults:4 2 transporters, exclusion: orange crystal statue

##.........##########.##.#######.
...........# #######.........##..
...........###.....+#........#...
...........##.......##.......#.##
..........##.........##......#.#
.........##...........##.....).##
........+#.............#.........
.......##..............##....#...
........).......8..............##
.......##..............##......#
........##)............'......##
.......>.#'...........###......#
.###......##.........##...#.##.##
...........##.......##[...#.##...
.....รท.รท....##.....#####..#......
.....).......############....####
....#.........#.............##


There were no monsters in sight!


Message History

Confirm with . or Enter, or press ? or * to list all spells.
Charge where?
Press: ? - help, Dir - move target, f - Orb Guardian
Aim: an Orb Guardian (84% to hit)
You charge forward with an electric crackle!
You spit the Orb Guardian like a pig and electrocute it!!!!
You kill the Orb Guardian! ๐Ÿ˜Ž MP[-3]
You lost 3 mp, and now have 43/46 mp.
There is a stone staircase leading up, spattered with blood here. ๐Ÿ˜Ž MP[+1]
You fly upwards.
There is a stone staircase leading down, spattered with blood here. ๐Ÿ˜Ž MP[+2]
Your mp is fully restored (46).
You see here a +0 short sword.
An Executioner comes into view.
Unknown command.
Casting: Vhi's Electric Charge (mildly dangerous; 1% risk of failure)
Confirm with . or Enter, or press ? or * to list all spells.
Charge where?
Press: ? - help, Dir - move target, f - Executioner
Aim: an Executioner (80% to hit)
You charge forward with an electric crackle!
You crush the Executioner like a grape!!!
Your kick misses the Executioner. ๐Ÿ˜Ž MP[-3]
You lost 3 mp, and now have 43/46 mp.
You closely miss the Executioner.
You headbutt the Executioner, but do no damage.
You bludgeon the Executioner. The Executioner hits you!
The Executioner hits you but does no damage.
The Executioner barely misses you. ๐Ÿ˜• HP[-10]
You take 10 damage, and now have 313/323 hp.
You pound the Executioner like an anvil!!!
You kill the Executioner! ๐Ÿ˜• HP[+1] MP[+1]
What level of the Dungeon? (default 2, ? - help)
You hear a distant slurping noise. x3
There is a stone staircase leading up here.
You fly upwards.
There is a stone staircase leading down here. ๐Ÿ˜Ž HP[+9] MP[+2]
Your hp is fully restored (323).
Your mp is fully restored (46).
You see here a +0 whip.
There is a staircase leading out of the dungeon here.
Okay, then.
You begin transforming.
You continue transforming. x3
You turn into a living statue of rough stone.
Your +4 storm dragon scales {Bai Suzhen} melds into your body.
You now have 419 max hp (+96).
You feel clever all of a sudden. ๐Ÿ˜• HP[+4]
You regained 4 hp, and now have 327/419 hp.
You feel more buoyant.
An Ice Fiend comes into view. ๐Ÿ˜• HP[+4]
You regained 4 hp, and now have 331/419 hp.
Casting: Manifold Assault (safe; 1% risk of failure)
Press: ? - help, Q - select action, (/) - cycle Dir - look around, f - activate You feel a surge of power!
Space momentarily warps into an impossible shape!
You beat the Ice Fiend like a drum!!!!
You kill the Ice Fiend! ๐Ÿ˜• HP[+1] MP[-1]
You lost 1 mp, and now have 45/46 mp.
You feel very mighty all of a sudden. ๐Ÿ˜• HP[+4] MP[+1]
You regained 4 hp, and now have 336/419 hp.
Your mp is fully restored (46).
You feel protected. ๐Ÿ˜• HP[+3]
You regained 3 hp, and now have 339/419 hp.
You feel attractive to monsters. The ice devil is attracted toward you.
An ice devil comes into view. ๐Ÿ˜• HP[+4]
You regained 4 hp, and now have 343/419 hp.
Okay, then.
You perforate the ice devil like a sieve!!!
You kill the ice devil!
You hear a roar! ๐Ÿ˜• HP[+2]
You regained 2 hp, and now have 345/419 hp.
You savour every drop.
You feel much better. ๐Ÿ˜• HP[+54]
You regained 54 hp, and now have 399/419 hp.
You savour every drop.
You feel much better. ๐Ÿ˜Ž HP[+20]
Your hp is fully restored (419).
Okay, then.
A thick mucus forms on the +5 giant spiked club of Untimely Demise {speed, rN+ Will+ Str+3 Dex+5}. ๐Ÿ˜Ž MP[-3]
You lost 3 mp, and now have 43/46 mp.
You are confused.
You savour every drop.
You feel invigorated. ๐Ÿ˜Ž MP[+3]
Your mp is fully restored (46).
You have escaped!

Skill      XL: |  1  2  3  4  5  6  7  8  9 10 11 12 13 14 15 16 17 18 19 20 21 22 23 24 25 26 27 |
---------------+----------------------------------------------------------------------------------+-----
Fighting       | 3 4 6 7 8 9 11 13 15 16 17 18 19 21 22 24 25 27 | 27.0
Translocations | 3 4 5 6 7 9 10 11 12 13 14 15 16 | 16.0
Maces & Flails | 3 4 5 6 7 8 10 12 13 14 15 16 18 21 22 24 27 | 27.0
Spellcasting   | 3 5 6 8 10 11 12 14 16 18 19 | 19.8
Armour         | 2 4 5 7 8 10 11 12 13 14 15 16 17 | 17.0
Dodging        | 3 4 6 7 9 |  9.6
Shields        | 2 3 |  3.0
Throwing       | 3 4 6 7 8 10 11 12 | 12.3
Invocations    | 2 6 9 12 13 14 16 17 18 | 18.0
Air Magic      | 3 4 5 |  5.0
Conjurations   | 4 5 |  5.0
Evocations     | 4 5 |  5.0
Shapeshifting  | 18 | 18.6
Necromancy     | 18 | 18.3

Action                     |  1- 3 |  4- 6 |  7- 9 | 10-12 | 13-15 | 16-18 | 19-21 | 22-24 | 25-27 || total
---------------------------+-------+-------+-------+-------+-------+-------+-------+-------+-------++-------
  Melee: Mace              |   125 |   213 |   475 |       |       |       |       |       |       ||   813
         Headbutt          |    14 |    31 |    58 |   119 |   126 |    38 |    58 |    86 |   244 ||   774
         Punch             |       |       |     6 |     6 |     7 |       |       |       |       ||    19
         Flail             |       |       |    89 |   752 |   552 |       |       |       |       ||  1393
         Giant club        |       |       |       |       |   463 |   211 |       |       |       ||   674
         Giant spiked club |       |       |       |       |       |   921 |  1140 |  1416 |  3908 ||  7385
         Kick              |       |       |       |       |       |       |       |       |   196 ||   196
         Bite              |       |       |       |       |       |       |       |       |    49 ||    49
         Pseudopods        |       |       |       |       |       |       |       |       |    25 ||    25
  Throw: Boomerang         |       |     1 |       |       |       |     2 |       |       |    11 ||    14
         Stone             |       |     2 |     3 |       |    11 |       |       |       |       ||    16
         Dart              |       |       |     2 |    10 |     8 |       |       |     2 |       ||    22
         Large rock        |       |       |       |       |       |     3 |       |       |     5 ||     8
         Throwing net      |       |       |       |       |       |       |       |     1 |       ||     1
         Javelin           |       |       |       |       |       |       |       |       |     1 ||     1
   Cast: Manifold Assault  |       |       |   100 |   272 |   405 |   693 |   620 |   658 |  1733 ||  4481
         Vhi's Electric Ch |       |       |       |       |       |       |     4 |    14 |    35 ||    53
         Passage of Golubr |       |       |       |       |       |       |       |     2 |    19 ||    21
         Apportation       |       |       |       |       |       |       |       |       |   137 ||   137
         Animate Dead      |       |       |       |       |       |       |       |       |     8 ||     8
         Death Channel     |       |       |       |       |       |       |       |       |     7 ||     7
         Fugue of the Fall |       |       |       |       |       |       |       |       |     1 ||     1
 Invoke: Cleansing Flame   |       |       |       |       |       |     2 |       |       |       ||     2
         Brand Weapon With |       |       |       |       |       |       |       |     1 |       ||     1
         Slimify           |       |       |       |       |       |       |       |       |     1 ||     1
  Evoke: Wand              |       |       |     4 |     5 |     9 |     6 |       |       |     7 ||    31
         Phantom mirror    |       |       |       |       |       |     1 |       |       |       ||     1
         Lightning rod     |       |       |       |       |       |       |     2 |       |       ||     2
    Use: Potion            |     1 |     4 |     4 |       |     3 |     2 |       |     3 |    23 ||    40
         Scroll            |       |       |    13 |    10 |    14 |    15 |     4 |     1 |    17 ||    74
   Stab: Invisible         |       |     5 |       |       |       |       |       |       |       ||     5
         Distracted        |       |       |       |       |       |       |       |       |     3 ||     3
 Armour: Robe              |    84 |   206 |   345 |   273 |   337 |   227 |       |       |       ||  1472
         Storm dragon scal |       |       |       |       |       |    39 |   212 |   306 |   861 ||  1418
         Skin              |       |       |       |       |       |       |       |       |   179 ||   179
  Dodge: Dodged            |    61 |   275 |   211 |   256 |   304 |   212 |   142 |    95 |   558 ||  2114
  Block: Other             |       |       |       |       |       |    26 |    44 |    34 |   156 ||   260
         Reflection        |       |       |       |       |       |     1 |     8 |     3 |     6 ||    18
   Form: Statue            |       |       |       |       |       |       |       |       |     2 ||     2
                           |       |       |       |       |       |       |       |       |     1 ||     1

Levels and vault maps discovered:
D:1:      lemuel_arrival_rhombus, layout_rooms, minmay_tetromino_o2
D:2:      layout_loops_ring, serial_shops, shop
D:3:      layout_loops_ring, corexii_item_surrounded_by_moat
D:4:      layout_loops_corners, kennysheep_slug_shrine,
          nicolae_qazlal_scattered_showers, enter_ossuary_5,
          gammafunk_ghost_nasty_kobolds, st_stairs_3, uniq_pikel
D:5:      layout_basic, minmay_temple_entry_glassed_door, portal_sewer_entry_a,
          serial_shops, nicolae_shop_back_alley_shop, nicolae_shop_behind_doors,
          nicolae_shop_hallway_stairs, nicolae_shop_tiny_waterfront,
          nicolae_shop_waterfront
D:6:      layout_basic, nicolae_dithmenos_shadow_blocks, grunt_gozag_statues,
          reono_crystal_passage, uniq_jeremiah, uniq_blork_the_orc, uniq_grinder
D:7:      layout_gridville, serial_shops, nicolae_shop_waterfront, uniq_duvessa
D:8:      layout_loops_cross, minmay_increasing_density
D:9:      layout_stronghold
D:10:     layout_rooms, minmay_orc_entry_temple_small, serial_shops,
          nicolae_shop_hallway_plus
D:11:     layout_rooms, erik_lair_island, serial_undead, serial_undead_d,
          serial_undead_b, serial_undead_f, serial_undead_a, uniq_maurice,
          uniq_erolcha, uniq_erica
D:12:     layout_gridville, gauntlet_entry_generic, minmay_misc_feat_rows,
          trog_hazing_becter
D:13:     layout_loops_ring, uniq_urug, uniq_josephine
D:14:     lemuel_traditional_vault, layout_loops_ring, david_vaults_5,
          serial_park_gazebo [serial_park_minivault_5x5_6]
D:15:     gammafunk_enter_depths_forms, layout_cave_pools, serial_column_ruins,
          column_ruins_hut, column_ruins_hut_ruined, column_ruins_open_medium,
          column_ruins_open_tiny, column_ruins_open_tiny,
          column_ruins_corridor_dead_end, column_ruins_columns_plus,
          column_ruins_open_large, serial_park_square1
          [serial_park_minivault_5x5_5], hangedman_decor_growths,
          nicolae_uskayaw_en_pointe
Temple:   mainiacjoe_temple_bowtie_tessellation
Lair:1:   layout_big_grid
Lair:2:   layout_loops_ring, alex1729_swamp_entry_worm_eleionoma, uniq_amaemon
Lair:3:   layout_chaotic_city, minmay_snake_entry_six_corridors,
          grunt_megastairs_1
Lair:4:   layout_misc_corridors, uniq_rupert
Lair:5:   due_jungle_book, layout_cave_pods, slime_entry_1, basic_altar,
          kennysheep_abandoned_house
Swamp:1:  layout_basic_swamp, serial_swamp_ruin, evilmike_swamp_ruin_house_5,
          evilmike_swamp_ruin_house_4, evilmike_swamp_ruin_rubble_1,
          hangedman_swamp_blocks
Swamp:2:  layout_basic_swamp, infiniplex_staircase_pool_2, swamp_pool_1_2
Swamp:3:  layout_basic_swamp, evilmike_swamp_ruin_house_1, swamp_pool_1_2,
          uniq_jorgrun, uniq_bai_suzhen
Swamp:4:  swamp_old_school, layout_basic_swamp,
          gammafunk_ghost_berserking_beasts, infiniplex_staircase_pool,
          uniq_donald
Snake:1:  layout_basic, basic_altar
Snake:2:  layout_misc_corridors, nicolae_stop_n_shop_1, uniq_roxanne
Snake:3:  layout_basic, serial_library_hellmonk_metal_room, uniq_vashnia,
          uniq_aizul
Snake:4:  grunt_snake_rune_spirals, layout_onion_interference, basic_altar,
          nicolae_snake_flat_spine, uniq_asterion
Slime:1:  layout_caves
Slime:2:  layout_caves, nicolae_slime_crime_time
Slime:3:  layout_caves
Slime:4:  nicolae_slime_infinislime, layout_caves
Slime:5:  slime_pit_nicolae_trefoil
Orc:1:    layout_diamond_mine, basic_altar, portal_ice_cave_entry_pillars_1
Orc:2:    st_orc_open, layout_caves, elves_outpost_lemuel
Elf:1:    minmay_elf_crystal_hexagon, layout_geoelf_grid, serial_shops,
          nicolae_shop_peninsula, minmay_elf_annihilation, uniq_azrael,
          uniq_agnes
Elf:2:    elven_hall_of_blades_hangedman_original [grunt_blade_entry_basic],
          layout_gridlike
Elf:3:    minmay_elf_hall_statues, layout_geoelf_diagonals
Vaults:1: portal_desolation_entry_garden, st_smaller_cells,
          nicolae_vaults_tangram_1, v_pattern_1, grunt_vaults_funnel,
          nicolae_vaults_storage_closets_1, nicolae_vaults_door_testing_chamber,
          nicolae_vaults_closet_pinwheel_4, nicolae_vaults_cornered_office,
          ontoclasm_vaults_shuriken, nicolae_vaults_trapezoid_lopsided_2,
          vaults_room_pools, vaults_dpeg_encased_lava, layout_vaults_maze
Vaults:2: nicolae_vaults_what_the_h, nicolae_vaults_angled_halls,
          nicolae_vaults_yaktaur_gun_rack, nicolae_vaults_closet_pinwheel_3,
          nicolae_vaults_more_shelving_1, vaults_mumra_hex,
          nicolae_vaults_trapezoid_4, hangedman_vaults_nails,
          ontoclasm_vaults_tryst, nicolae_vaults_variable_pillar_hall_cross,
          grunt_vaults_hallway_short, nicolae_vaults_apartment_2,
          layout_vaults_big_cross
Vaults:3: minmay_crypt_entry_skeletal_spiral, nicolae_vaults_oval_intersection,
          v_misc_18, hangedman_vaults_variations, nicolae_vaults_double_plus_1,
          nicolae_vaults_border_crossing, vaults_mumra_hexcomb,
          nicolae_vaults_heart-shaped_vault, layout_vaults_quadrants
Vaults:4: gammafunk_sealed_arena, nicolae_vaults_mini_display_case, v_misc_2,
          nicolae_vaults_little_squares_2, hangedman_vaults_corner_blocks,
          ontoclasm_vaults_fault, vaults_room_pool, v_pattern_4,
          vaults_dpeg_hooks, nicolae_vaults_heist, nicolae_vaults_asterisk,
          nicolae_vaults_diamond_2, nicolae_vaults_trapezoid_2,
          layout_vaults_omnibox, uniq_norris, uniq_margery, uniq_frederick,
          uniq_mennas
Vaults:5
Depths:1: layout_cave_shapes, pf_hell_entry_tar_spiral,
          nzn_wu_jian_contemplation, nicolae_elemental_shop, elyvilon_altar_4,
          uniq_boris
Depths:2: cheibrodos_witchhunters_guild, layout_honeycomb,
          nemelex_lonely_heart_becter, hangedman_geh_valley,
          rand_demon_pan_entry_5, nicolae_shop_i_like_big_books,
          kennysheep_generic_room_10, serial_bayou_shore_b,
          infiniplex_staircase_split_hallway
Depths:3: lemuel_castle_with_subvaults [lemuel_castle_interior_carwin_3],
          layout_gridlike, enter_ziggurat_b, nicolae_titane, pan_entry,
          serial_shops, kennysheep_little_box, abyss_entry, hell_entry,
          infiniplex_staircase_pillars_1, uniq_jory
Depths:4: grunt_zot_entry_gee_three, layout_small_grid, hell_entry, uniq_vv
Hell
Zot:1:    gammafunk_dig_for_victory, layout_misc_corridors,
          hangedman_zot_decor_scrapings, grunt_ministairs_12
Zot:2:    layout_gridlike, grunt_megastairs_5
Zot:3:    layout_cathedral_of_symmetry, regret_index_zotdec_twisting_globes
Zot:4:    layout_onion_interference, hangedman_snake_sidewinding
Zot:5:    layout_concentric_octagons

Notes
Turn   | Place    | Note
-------+----------+-------------------------------------------
     0 | D:1      | Ntrails the Oni Warper began the quest for the Orb.
     0 | D:1      | Reached XP level 1. HP: 22/22 MP: 3/3
    50 | D:1      | Reached XP level 2. HP: 29/29 MP: 5/5
   174 | D:1      | Reached skill level 3 in Fighting
   278 | D:1      | Reached skill level 3 in Translocations
   343 | D:1      | Reached XP level 3. HP: 37/37 MP: 6/6
   467 | D:2      | Reached skill level 3 in Maces & Flails
   522 | D:2      | Found Cupiar's Jewellery Shoppe.
   695 | D:3      | Reached skill level 4 in Fighting
   695 | D:3      | Reached XP level 4. HP: 28/48 MP: 7/7
   938 | D:3      | magus.rc [v1.11.6]
  1017 | D:2      | Learned a level 4 spell: Manifold Assault
  1017 | D:2      | magus.rc [v1.11.6]
  1149 | D:3      | magus.rc [v1.11.6]
  1222 | D:4      | Noticed an ogre
  1244 | D:4      | Killed an ogre
  1245 | D:4      | Reached skill level 3 in Spellcasting
  1245 | D:4      | Reached XP level 5. HP: 34/55 MP: 9/9
  1253 | D:4      | Reached skill level 4 in Maces & Flails
  1256 | D:4      | Found a stormy altar of Qazlal.
  1363 | D:4      | Found a sand-covered staircase.
  1368 | Ossuary  | Entered an ossuary
  1721 | Ossuary  | HP: 13/55 [centaur zombie (2)]
  1722 | Ossuary  | Reached XP level 6. HP: 14/63 MP: 10/10
  1727 | Ossuary  | HP: 12/63 [centaur zombie (1)]
  1745 | Ossuary  | HP: 14/63 [ball python zombie (2)]
  1751 | Ossuary  | HP: 9/63 [centaur zombie (2)]
  1817 | Ossuary  | Reached skill level 4 in Translocations
  2026 | Ossuary  | Reached skill level 5 in Maces & Flails
  2026 | Ossuary  | Reached XP level 7. HP: 48/71 MP: 11/11
  2513 | Ossuary  | Reached skill level 5 in Translocations
  2887 | D:4      | Noticed Pikel
  2906 | D:4      | HP: 16/71 [Pikel/+1 whip of freezing (8)]
  2916 | D:4      | HP: 10/71 [Pikel/+1 whip of freezing (9)]
  2920 | D:4      | Killed Pikel
  2921 | D:4      | Reached skill level 6 in Fighting
  2921 | D:4      | Reached skill level 6 in Maces & Flails
  2921 | D:4      | Reached XP level 8. HP: 45/83 MP: 7/12
  3023 | D:5      | Entered Level 5 of the Dungeon
  3023 | D:5      | Found a glowing drain.
  3262 | D:4      | Reached skill level 6 in Translocations
  3388 | Sewer    | Entered a sewer
  4348 | Sewer    | Reached skill level 7 in Fighting
  4348 | Sewer    | Reached skill level 7 in Maces & Flails
  4723 | D:5      | Found Jioweur's Assorted Antiques.
  4735 | D:5      | HP: 19/87 [centaur/+0 great sword (14)]
  4737 | D:5      | Reached XP level 9. HP: 16/93 MP: 11/13
  4751 | D:5      | Bought a scroll labelled BUG QOPHIPLOA for 29 gold pieces
  4751 | D:5      | Bought a scroll labelled ZUOMAAMIDA for 29 gold pieces
  4751 | D:5      | Bought a scroll labelled NUQESIAXIT for 29 gold pieces
  4751 | D:5      | Bought a scroll labelled KIDESHRU ROTTA for 29 gold pieces
  4751 | D:5      | Bought a green potion for 26 gold pieces
  4763 | D:5      | Found a staircase to the Ecumenical Temple.
  4776 | Temple   | Entered the Ecumenical Temple
  4966 | Temple   | Became a worshipper of the Shining One
  4975 | Temple   | magus.rc [v1.11.6]
  5119 | D:6      | Found an opulent altar of Gozag.
  5129 | D:6      | You add the spells Necrotise, Vampiric Draining, Martyr's
                  | Knell and Curse of Agony to your library.
  5248 | D:6      | Noticed Grinder
  5251 | D:5      | Found Beicatz's Magic Scroll Boutique.
  5255 | D:5      | Bought a scroll of enchant armour for 112 gold pieces
  5255 | D:5      | magus.rc [v1.11.6]
  5307 | D:5      | Reached skill level 7 in Translocations
  5359 | D:6      | Noticed Jeremiah
  5562 | D:5      | Found Dadghuut's Assorted Antiques.
  5566 | D:5      | Bought a white potion for 19 gold pieces
  5566 | D:5      | Bought a white potion for 19 gold pieces
  5623 | D:5      | Reached skill level 4 in Spellcasting
  5776 | D:5      | Found Emi Zohi's Weapon Emporium.
  5920 | D:7      | Reached skill level 8 in Maces & Flails
  5930 | D:7      | Found Xierublu's Magic Scroll Boutique.
  7052 | D:4      | Found a snail-covered altar of Cheibriados.
  7124 | D:4      | Found a runed translucent gate.
  7125 | D:4      | Found a runed translucent gate.
  7125 | D:4      | Found a runed translucent gate.
  7125 | D:4      | Noticed Goblin1989's ghost (weakling DsDe)
  7958 | D:5      | Found Higubeps's Magic Scroll Shop.
  7962 | D:5      | You add the spells Mercury Vapours, Mephitic Cloud and
                  | Freezing Cloud to your library.
  7973 | D:5      | Bought a scroll of enchant weapon for 97 gold pieces
  7973 | D:5      | Bought 2 scrolls of identify for 52 gold pieces
  8331 | D:6      | Noticed Blork the orc
  8341 | D:6      | Killed Blork the orc
  8428 | D:6      | Found a shadowy altar of Dithmenos.
  8487 | D:6      | Killed Grinder
  8488 | D:6      | Reached skill level 8 in Fighting
  8778 | D:7      | Bought a scroll of fear for 56 gold pieces
  9189 | D:7      | HP: 19/96 [water moccasin (7)]
  9195 | D:7      | Reached skill level 5 in Spellcasting
  9438 | D:7      | Reached * piety under the Shining One
 10106 | D:7      | Reached XP level 10. HP: 75/106 MP: 8/18
 10605 | D:7      | magus.rc [v1.11.6]
 10631 | D:7      | Noticed Duvessa
 10631 | D:7      | Noticed Dowan
 10809 | D:7      | Killed Dowan
 10818 | D:7      | Killed Duvessa
 10956 | D:7      | magus.rc [v1.11.6]
 11041 | D:7      | Reached skill level 8 in Translocations
 11278 | D:8      | Paralysed by a hornet for 3 turns
 11481 | D:8      | Reached skill level 9 in Fighting
 11652 | D:8      | Reached skill level 9 in Maces & Flails
 11652 | D:8      | Reached skill level 6 in Spellcasting
 12890 | D:8      | Reached skill level 9 in Translocations
 13264 | D:9      | Reached skill level 10 in Maces & Flails
 13869 | D:9      | Reached XP level 11. HP: 83/115 MP: 2/20
 14168 | D:9      | Reached ** piety under the Shining One
 14205 | D:9      | Noticed a two-headed ogre
 14342 | D:8      | Reached skill level 10 in Translocations
 14347 | D:8      | Reached skill level 11 in Maces & Flails
 14718 | D:9      | You add the spell Gell's Gravitas to your library.
 15286 | D:9      | Killed a two-headed ogre
 15368 | D:9      | Reached skill level 12 in Maces & Flails
 15796 | D:10     | Entered Level 10 of the Dungeon
 15809 | D:10     | Noticed a cyclops
 15814 | D:10     | Killed a cyclops
 16025 | D:10     | Found Didus's Jewellery Shoppe.
 16143 | D:10     | Noticed a cyclops
 16157 | D:10     | Killed a cyclops
 16282 | D:10     | You add the spells Volatile Blastmotes, Dazzling Flash and
                  | Starburst to your library.
 16377 | D:10     | Found a staircase to the Orcish Mines.
 16544 | D:10     | Reached skill level 1 in Armour
 16974 | D:11     | Reached *** piety under the Shining One
 16991 | D:11     | Reached skill level 3 in Dodging
 17159 | D:11     | Reached skill level 2 in Armour
 17266 | D:11     | Noticed Erica
 17387 | D:11     | Killed Erica
 17388 | D:11     | Reached XP level 12. HP: 126/126 MP: 0/22
 17557 | D:11     | Found a staircase to the Lair.
 17845 | D:11     | Reached skill level 10 in Fighting
 17969 | D:11     | Reached skill level 7 in Spellcasting
 18277 | D:11     | Reached skill level 3 in Armour
 18358 | D:11     | Reached **** piety under the Shining One
 18366 | D:11     | Reached skill level 4 in Dodging
 18392 | D:11     | Noticed Erolcha
 18395 | D:11     | Noticed Maurice
 18402 | D:11     | Killed Erolcha
 18416 | D:11     | Killed Maurice
 18788 | D:11     | Acquired the +4 kite shield of the Realm of Zot {rC- Will++
                  | MP+9 Int+2}
 19169 | D:12     | Noticed a boulder beetle
 19420 | D:11     | magus.rc [v1.11.6]
 19421 | Lair:1   | Entered Level 1 of the Lair of Beasts
 19734 | Lair:1   | Reached skill level 4 in Armour
 20005 | Lair:1   | Reached skill level 1 in Shields
 20376 | Lair:1   | Reached skill level 11 in Fighting
 20376 | Lair:1   | Reached skill level 8 in Spellcasting
 20674 | Lair:1   | Identified the +11 short sword "Venaycab" {freeze, *Rage
                  | rElec rPois}
 21190 | Lair:2   | Noticed a skyshark
 21197 | Lair:2   | Killed a skyshark
 21198 | Lair:2   | Reached skill level 13 in Maces & Flails
 21198 | Lair:2   | Reached skill level 2 in Shields
 21198 | Lair:2   | Reached skill level 11 in Translocations
 21218 | Lair:2   | Reached XP level 13. HP: 107/137 MP: 4/25
 21392 | Lair:2   | Noticed Amaemon
 21431 | Lair:1   | Killed Amaemon
 21858 | Lair:2   | Found a staircase to the Swamp.
 21858 | Lair:2   | Noticed an eleionoma
 21865 | Lair:2   | Killed an eleionoma
 23169 | Lair:2   | Reached skill level 9 in Spellcasting
 23174 | Lair:2   | Reached skill level 12 in Fighting
 23845 | Lair:3   | Found a staircase to the Snake Pit.
 24988 | Lair:3   | Reached ***** piety under the Shining One
 25998 | Lair:4   | Noticed Rupert
 26081 | Lair:3   | Killed Rupert
 26082 | Lair:3   | Reached skill level 10 in Spellcasting
 26270 | Lair:4   | Reached skill level 13 in Fighting
 26396 | Lair:4   | Reached skill level 12 in Translocations
 26396 | Lair:4   | Reached XP level 14. HP: 131/153 MP: 14/28
 26465 | Lair:4   | You add the spells Haunt, Borgnjor's Revivification and
                  | Death's Door to your library.
 26553 | Lair:4   | Reached skill level 14 in Maces & Flails
 26677 | Lair:4   | You add the spells Animate Dead, Borgnjor's Vile Clutch and
                  | Death Channel to your library.
 26935 | Lair:4   | Identified a potion of experience
 26937 | Lair:4   | Reached skill level 3 in Throwing
 26937 | Lair:4   | Reached skill level 5 in Armour
 26937 | Lair:4   | Reached XP level 15. HP: 161/161 MP: 29/29
 27238 | Lair:5   | Entered Level 5 of the Lair of Beasts
 27238 | Lair:5   | Found a staircase to the Slime Pits.
 27297 | Lair:5   | Was placed under penance by the Shining One
 29092 | Lair:5   | Was forgiven by the Shining One
 29235 | Lair:5   | Found an ornate altar of the Wu Jian Council.
 29691 | Lair:5   | magus.rc [v1.11.6]
 29695 | Lair:5   | Reached skill level 11 in Spellcasting
 29752 | Lair:5   | Reached skill level 14 in Fighting
 29907 | Lair:5   | Reached skill level 6 in Armour
 30335 | Lair:5   | HP: 37/165 [dire elephant (7)]
 31394 | Lair:5   | You add the spells Passage of Golubria and Yara's Violent
                  | Unravelling to your library.
 31889 | D:12     | You fall into a shaft and drop 3 floors!
 31889 | D:15     | Entered Level 15 of the Dungeon
 32029 | D:13     | Noticed Urug
 32034 | D:13     | Killed Urug
 32035 | D:13     | Reached skill level 13 in Translocations
 32299 | D:13     | Reached skill level 15 in Maces & Flails
 32555 | D:12     | Reached skill level 1 in Invocations
 32845 | D:12     | Reached skill level 7 in Armour
 33248 | D:12     | Found a bloodstained altar of Trog.
 33619 | D:6      | Killed Jeremiah
 33619 | D:6      | Reached ****** piety under the Shining One
 33798 | D:6      | Identified the +7 war axe of the Ten Mystics {venom, rPois
                  | rF+}
 34098 | D:12     | magus.rc [v1.11.6]
 34278 | D:13     | Reached skill level 15 in Fighting
 34539 | D:13     | Reached skill level 4 in Throwing
 34543 | D:13     | Reached skill level 2 in Invocations
 34805 | D:13     | Noticed Josephine
 34814 | D:13     | Killed Josephine
 34964 | D:13     | Reached XP level 16. HP: 176/176 MP: 22/31
 35108 | Orc:1    | Entered Level 1 of the Orcish Mines
 35108 | Orc:1    | Found a frozen archway.
 35267 | IceCv    | Entered an ice cave
 35661 | IceCv    | Reached skill level 3 in Invocations
 36714 | IceCv    | Found a viscous altar of Jiyva.
 36714 | IceCv    | Noticed an azure jelly
 36716 | IceCv    | magus.rc [v1.11.6]
 36721 | IceCv    | Killed an azure jelly
 36831 | IceCv    | Got the ring of the Glimmering Gods {Ice ^Contam Dex+5
                  | Slay+3 SInv}
 36834 | IceCv    | Identified the +6 shortbow of Matidibe {flame, rElec}
 37166 | Orc:2    | Entered Level 2 of the Orcish Mines
 37376 | Orc:2    | Reached skill level 5 in Throwing
 37384 | Orc:2    | Reached skill level 4 in Invocations
 37597 | Orc:2    | magus.rc [v1.11.6]
 38292 | Orc:2    | Reached skill level 8 in Armour
 38545 | Orc:2    | Reached skill level 5 in Invocations
 38689 | Orc:2    | Reached skill level 12 in Spellcasting
 38917 | Orc:2    | Found a staircase to the Elven Halls.
 38932 | Orc:2    | Found Fymoph's Book Shoppe.
 39042 | Orc:2    | Found Cosan's Armour Emporium.
 39115 | Orc:2    | Found Qiulaiw's Assorted Antiques.
 39129 | Orc:2    | Found Vahiuch's Jewellery Emporium.
 39184 | Orc:2    | Bought a scroll of fear for 124 gold pieces
 39184 | Orc:2    | Bought a runed golden ring for 155 gold pieces
 39833 | Orc:2    | Bought the ring "Moamopex" {Fly Int+4 Dex+6 Slay+6} for
                  | 1180 gold pieces
 40089 | D:14     | Reached skill level 6 in Throwing
 40196 | D:14     | Reached skill level 16 in Fighting
 40408 | D:14     | HP: 40/179 [poisoned by a green ugly thing]
 40899 | D:14     | Identified the +5 trident "Ygga" {drain, *Corrode Int+4}
 41433 | D:14     | Reached skill level 6 in Invocations
 41872 | D:14     | Noticed a storm dragon
 41874 | D:14     | Noticed a sphinx
 42091 | D:14     | Reached XP level 17. HP: 175/187 MP: 21/33
 42351 | D:2      | Bought the amulet of Morality {Reflect rPois Str+4 Int-3
                  | Dex+6 SH+5} for 670 gold pieces
 42835 | D:15     | Found a hide-covered altar of Uskayaw.
 43389 | D:15     | Reached skill level 7 in Throwing
 43527 | D:15     | Reached skill level 16 in Maces & Flails
 43527 | D:15     | Reached skill level 7 in Invocations
 43630 | D:15     | Found a staircase to the Depths.
 43665 | D:15     | Reached skill level 9 in Armour
 43990 | D:15     | Learned a level 4 spell: Iskenderun's Mystic Blast
 43993 | D:15     | Learned a level 2 spell: Blink
 43997 | D:15     | Learned a level 3 spell: Teleport Other
 44002 | D:15     | Learned a level 4 spell: Passage of Golubria
 44007 | D:15     | Learned a level 4 spell: Vhi's Electric Charge
 44055 | D:14     | Found a gate to the Vaults.
 44489 | D:14     | Killed a sphinx
 44786 | D:7      | Bought a scroll of teleportation for 42 gold pieces
 44786 | D:7      | Bought a scroll of teleportation for 42 gold pieces
 44927 | Swamp:1  | Entered Level 1 of the Swamp
 45066 | Swamp:1  | Reached skill level 17 in Fighting
 45583 | Swamp:1  | Reached skill level 8 in Invocations
 45891 | Swamp:1  | You add the spells Summon Blazeheart Golem, Orb of
                  | Destruction and Spellforged Servitor to your library.
 47547 | Swamp:3  | Noticed Jorgrun
 47793 | Swamp:3  | Reached skill level 9 in Invocations
 48196 | Swamp:3  | Reached skill level 10 in Armour
 48479 | Swamp:3  | Killed Jorgrun
 48574 | Swamp:3  | Noticed Bai Suzhen
 48729 | Swamp:3  | Killed Bai Suzhen
 49031 | Swamp:3  | You add the spells Scorch, Flame Wave and Summon Cactus
                  | Giant to your library.
 49187 | Swamp:3  | Reached XP level 18. HP: 202/202 MP: 29/34
 49494 | Swamp:3  | magus.rc [v1.11.6]
 49495 | Swamp:4  | Entered Level 4 of the Swamp
 49916 | Swamp:4  | Reached skill level 18 in Fighting
 49926 | Swamp:4  | Reached skill level 10 in Invocations
 50256 | Swamp:4  | Reached skill level 17 in Maces & Flails
 50653 | Swamp:4  | Noticed the 27-headed Lernaean hydra
 50656 | Swamp:4  | Killed the 27-headed Lernaean hydra
 51080 | Swamp:4  | Reached skill level 11 in Armour
 51093 | Swamp:4  | Reached skill level 11 in Invocations
 51296 | Swamp:4  | Got a decaying rune of Zot
 51453 | Swamp:4  | Found a transporter.
 51457 | Swamp:4  | Noticed Daviar's ghost (adept GrRe)
 51547 | Swamp:4  | Noticed Donald
 51551 | Swamp:4  | Killed Donald
 51556 | Swamp:4  | a +0 double sword of electrocution {rare}; a +1 chain mail
                  | of poison resistance; a +0 kite shield of reflection
 51619 | Swamp:4  | Identified the +9 dagger "Tauv" {venom, rF++ Will-}
 51621 | Swamp:4  | Found a transporter.
 52165 | Swamp:4  | Killed Daviar's ghost
 52248 | Swamp:4  | Identified the +0 cloak "Tuyboe" {Fly rC+ Stlth-}
 52417 | Lair:3   | magus.rc [v1.11.6]
 52418 | Snake:1  | Entered Level 1 of the Snake Pit
 52501 | Snake:1  | Reached skill level 12 in Invocations
 53057 | Snake:1  | Found a shimmering altar of Xom.
 53111 | Snake:1  | Reached skill level 18 in Maces & Flails
 53332 | Snake:1  | Identified the +8 long sword of Aloy {flame, ^Contam rN+
                  | Will+ Dex+3}
 54349 | Snake:2  | Found Ipelaeq's Jewellery Emporium.
 54855 | Snake:2  | Noticed Roxanne
 54863 | Snake:2  | Killed Roxanne
 55537 | Snake:3  | Reached XP level 19. HP: 211/211 MP: 15/35
 55626 | Snake:3  | Identified the serpent talisman of the Flute {rF+}
 55626 | Snake:3  | Noticed Aizul
 55653 | Snake:2  | Killed Aizul
 55719 | Snake:3  | Reached skill level 19 in Maces & Flails
 56180 | Snake:3  | Noticed Vashnia
 56184 | Snake:3  | Killed Vashnia
 56868 | Snake:3  | You add the spells Inner Flame, Irradiate and Ignition to
                  | your library.
 56882 | Snake:3  | Reached skill level 20 in Maces & Flails
 57032 | Snake:3  | You add the spell Silence to your library.
 57032 | Snake:3  | Got the Folio of Anemomancy
 57765 | Snake:4  | Entered Level 4 of the Snake Pit
 57775 | Snake:4  | Found a glowing silver altar of Zin.
 58467 | Snake:4  | Noticed Asterion
 58471 | Snake:4  | Killed Asterion
 58750 | Snake:4  | Reached skill level 21 in Maces & Flails
 60159 | Snake:4  | Reached XP level 20. HP: 130/221 MP: 0/36
 60573 | Snake:4  | Got a serpentine rune of Zot
 60931 | Elf:1    | Entered Level 1 of the Elven Halls
 60972 | Elf:1    | Reached skill level 22 in Maces & Flails
 61153 | Elf:1    | Noticed Azrael
 61155 | Elf:1    | Killed Azrael
 61226 | Elf:1    | Found Tialiygu's Magic Scroll Boutique.
 61242 | Elf:1    | Reached skill level 1 in Air Magic
 61581 | Elf:1    | Bought a scroll of enchant weapon for 150 gold pieces
 61874 | Elf:1    | You add the spells Shock, Sting and Fireball to your
                  | library.
 61874 | Elf:1    | Got the Textbook on Battling
 62160 | Elf:1    | Noticed Agnes
 62166 | Elf:1    | Killed Agnes
 62356 | Elf:1    | Reached skill level 2 in Air Magic
 63237 | Elf:2    | Found a runed translucent gate.
 63237 | Elf:2    | Found a runed translucent gate.
 63239 | Elf:2    | Found a runed translucent gate.
 63919 | Elf:3    | Entered Level 3 of the Elven Halls
 64061 | Elf:3    | Paralysed by an air elemental for 1 turns
 64613 | Elf:3    | Reached skill level 8 in Throwing
 64613 | Elf:3    | Reached skill level 3 in Air Magic
 65502 | Elf:3    | a deep elf demonologist comes into view. It is wielding the
                  | +12 glaive of Prune {freeze, Prune} and wearing a +3
                  | leather armour of poison resistance.
 65671 | Elf:3    | Identified the +5 great mace "Siala" {protect, rN+ Will++}
 65671 | Elf:3    | Identified the amulet of Siazxati {Acrobat rC++ rN+ rCorr
                  | Stlth+}
 65684 | Elf:3    | Identified the +4 scimitar of the Scroll {drain, +Blink rF+
                  | Str+2}
 65730 | Elf:3    | Reached skill level 13 in Invocations
 66090 | Elf:3    | Reached XP level 21. HP: 232/232 MP: 20/37
 66294 | Elf:3    | Reached skill level 4 in Air Magic
 66301 | Elf:3    | Identified the +1 great sword of Imminent Death {flame,
                  | rF+}
 66301 | Elf:3    | Identified the amulet "Reafeg" {Reflect Int+2 SH+5}
 66630 | Elf:3    | Found the +3 Mad Mage's Maulers {Infuse+โˆž VampMP -Cast}
 66638 | Elf:3    | You add the spells Leda's Liquefaction, Animate Armour,
                  | Lee's Rapid Deconstruction and Sculpt Simulacrum to your
                  | library.
 66638 | Elf:3    | Got Luomi's Papyrus of Underground Effluvium
 66646 | Elf:3    | You add the spells Ozocubu's Refrigeration and Polar Vortex
                  | to your library.
 66648 | Elf:3    | You add the spells Magic Dart, Malign Gateway and
                  | Disjunction to your library.
 66648 | Elf:3    | Got the Teachings on Displaced Forces
 66650 | Elf:3    | You add the spells Jinxbite and Enfeeble to your library.
 66659 | Elf:3    | You add the spell Plasma Beam to your library.
 66663 | Elf:3    | Identified the +6 dagger of Governance {elec, rC- rCorr
                  | Dex+6}
 67086 | D:5      | Bought a scroll of acquirement for 780 gold pieces
 67086 | D:5      | magus.rc [v1.11.6]
 67086 | D:5      | Acquired the +5 giant spiked club of Untimely Demise
                  | {speed, rN+ Will+ Str+3 Dex+5}
 67248 | Vaults:1 | Entered Level 1 of the Vaults
 67262 | Vaults:1 | Reached skill level 13 in Spellcasting
 67348 | Vaults:1 | Found a crumbling gateway.
 67372 | Desolati | Entered the Desolation of Salt
 67376 | Desolati | Reached skill level 19 in Fighting
 67994 | Desolati | Reached skill level 12 in Armour
 68142 | Desolati | Reached skill level 9 in Throwing
 68286 | Desolati | Identified the +6 mace "Spider's Nightmare" {freeze, MP+9
                  | Dex+2}
 68677 | Desolati | You add the spells Swiftness and Airstrike to your library.
 68826 | Desolati | You add the spell Dispersal to your library.
 68837 | Desolati | You add the spells Summon Ice Beast, Summon Hydra and
                  | Lehudib's Crystal Spear to your library.
 68837 | Desolati | Got the Folio of Assembled Excavation
 69083 | Desolati | You add the spells Summon Mana Viper and Dragon's Call to
                  | your library.
 69083 | Desolati | Got the Lectures on the Amorphous Congregation
 69307 | Vaults:1 | Reached skill level 14 in Translocations
 69576 | Vaults:1 | You add the spells Anguish and Cause Fear to your library.
 69783 | Vaults:1 | You add the spells Conjure Ball Lightning and Discord to
                  | your library.
 69997 | Vaults:1 | Reached skill level 14 in Invocations
 70387 | Vaults:1 | You add the spell Momentum Strike to your library.
 70668 | Vaults:1 | Acquired 927 gold pieces
 70691 | Vaults:1 | Reached skill level 10 in Throwing
 70976 | Vaults:1 | Identified the +13 chain mail "Cuyxzodd" {Int+4}
 71357 | Snake:2  | Bought the ring "Lihachel" {rPois rF+ MP+9 Str+3 Dex-3} for
                  | 899 gold pieces
 71626 | Vaults:2 | Reached skill level 14 in Spellcasting
 71632 | Vaults:2 | Reached XP level 22. HP: 247/247 MP: 24/40
 72044 | Vaults:2 | Reached skill level 20 in Fighting
 72495 | Vaults:2 | Reached skill level 13 in Armour
 72991 | Vaults:2 | Identified the +6 triple crossbow of Joyful Slaughter
                  | {elec, rN+ Str-2 SInv}
 73116 | Vaults:2 | Reached skill level 15 in Invocations
 73351 | Vaults:2 | Reached skill level 11 in Throwing
 73828 | Vaults:2 | magus.rc [v1.11.6]
 73828 | Vaults:2 | magus.rc [v1.11.7]
 73828 | Vaults:2 | magus.rc [v1.11.7]
 73828 | Vaults:2 | magus.rc [v1.11.7]
 73828 | Vaults:2 | Identified a +9 giant spiked club of holy wrath (a +9 giant
                  | spiked club blessed by the Shining One)
 73828 | Vaults:2 | Received a gift from the Shining One
 75065 | Snake:1  | magus.rc [v1.11.7]
 75117 | Slime:1  | Entered Level 1 of the Pits of Slime
 75137 | Slime:1  | Reached skill level 1 in Conjurations
 76023 | Slime:3  | Reached skill level 2 in Conjurations
 76030 | Slime:3  | Gained mutation: Potions are less effective at restoring
                  | your health. [a shining eye]
 76236 | Slime:5  | Entered Level 5 of the Pits of Slime
 76490 | Slime:5  | Noticed the Royal Jelly
 76640 | Slime:2  | Reached skill level 3 in Conjurations
 76643 | Slime:2  | Reached skill level 21 in Fighting
 76992 | Slime:1  | Gained mutation: You sometimes lose your temper in combat.
                  | [a shining eye]
 77615 | Slime:3  | Gained mutation: You are vulnerable to heat. (rF-) [a
                  | shining eye]
 77620 | Slime:2  | Lost mutation: Potions are less effective at restoring your
                  | health. [potion of mutation]
 77620 | Slime:2  | Lost mutation: You sometimes lose your temper in combat.
                  | [potion of mutation]
 77620 | Slime:2  | Lost mutation: You are vulnerable to heat. (rF-) [potion of
                  | mutation]
 77620 | Slime:2  | Gained mutation: You occasionally lose the ability to drink
                  | potions when taking damage. [potion of mutation]
 77620 | Slime:2  | Gained mutation: You possess an exceptional clarity of
                  | mind. [potion of mutation]
 77671 | Slime:2  | Reached skill level 16 in Invocations
 77807 | Slime:3  | Reached skill level 4 in Conjurations
 77807 | Slime:3  | Reached XP level 23. HP: 260/260 MP: 11/41
 78504 | Slime:4  | Reached skill level 14 in Armour
 79428 | Slime:5  | Found a viscous altar of Jiyva.
 79432 | Slime:5  | Reached skill level 5 in Conjurations
 79634 | Slime:5  | Fell from the grace of the Shining One
 79634 | Slime:5  | Became a worshipper of Jiyva Jipoch the Shapeless
 80199 | Vaults:3 | Reached skill level 22 in Fighting
 80330 | Vaults:3 | Reached skill level 17 in Invocations
 80330 | Vaults:3 | magus.rc [v1.11.7]
 80493 | Vaults:3 | Reached * piety under Jiyva
 80776 | Vaults:3 | Reached ** piety under Jiyva
 81063 | Vaults:3 | Identified the +10 plate armour of the Watchman {*Slow rF+
                  | Str+4}
 81166 | Vaults:3 | Found a staircase to the Crypt.
 81438 | Vaults:4 | Noticed Norris
 81459 | Vaults:4 | Killed Norris
 81533 | Vaults:4 | Reached skill level 5 in Air Magic
 81584 | Vaults:4 | magus.rc [v1.11.7]
 81613 | Vaults:4 | Reached *** piety under Jiyva
 81721 | Vaults:4 | Noticed Margery
 81726 | Vaults:4 | Killed Margery
 81732 | Vaults:4 | Lost mutation: You occasionally lose the ability to drink
                  | potions when taking damage. [Jiyva's grace]
 81732 | Vaults:4 | Gained mutation: You have supernaturally acute eyesight.
                  | (SInv) [Jiyva's grace]
 81732 | Vaults:4 | Gained mutation: You are somewhat resistant to further
                  | mutation. [Jiyva's grace]
 81732 | Vaults:4 | Gained mutation: You are somewhat resistant to both further
                  | mutation and mutation removal. [Jiyva's grace]
 81732 | Vaults:4 | Gained mutation: You are almost entirely resistant to
                  | further mutation and mutation removal. [Jiyva's grace]
 81892 | Vaults:4 | Found a transporter.
 81902 | Vaults:4 | Found a transporter.
 81914 | Vaults:4 | Noticed Mennas
 81947 | Vaults:4 | Killed Mennas
 81989 | Vaults:4 | Identified the orb "Ogi Hirph" {*channel, rF+ rCorr}
 81989 | Vaults:4 | Noticed Frederick
 82036 | Vaults:4 | Killed Frederick
 82285 | Vaults:4 | Reached **** piety under Jiyva
 82481 | Vaults:4 | Identified the +0 chain mail of the Other Side {rN+ rCorr}
 82604 | Vaults:4 | Identified the +1 robe of Sorcery {Dex+2}
 82835 | Depths:1 | Entered Level 1 of the Depths
 82881 | Depths:1 | Found a white marble altar of Elyvilon.
 82891 | Depths:1 | Reached ***** piety under Jiyva
 82955 | Depths:1 | Identified the +5 dagger "Qunuruec" {venom, MP+9 Int+2
                  | Dex+2}
 82964 | Depths:1 | Found Gefib's Elemental Accessories.
 83010 | Depths:1 | Found a gateway to Hell.
 83057 | Depths:1 | Found an ornate altar of the Wu Jian Council.
 83183 | Depths:1 | Identified the +10 flail of the Noxious God {heavy, rC+}
 83248 | Depths:1 | Reached XP level 24. HP: 275/275 MP: 40/41
 83453 | Depths:1 | Noticed Boris
 83456 | Depths:1 | Killed Boris
 83877 | Depths:2 | Reached skill level 15 in Spellcasting
 83911 | Depths:2 | magus.rc [v1.11.7]
 83940 | Depths:2 | Reached skill level 18 in Invocations
 84098 | Depths:2 | Lost mutation: You have supernaturally acute eyesight.
                  | (SInv) [Jiyva's grace]
 84098 | Depths:2 | Lost mutation: You are almost entirely resistant to further
                  | mutation and mutation removal. [Jiyva's grace]
 84098 | Depths:2 | Lost mutation: You are somewhat resistant to both further
                  | mutation and mutation removal. [Jiyva's grace]
 84098 | Depths:2 | Gained mutation: You expend magic power (3 MP) to
                  | strengthen your wands. [Jiyva's grace]
 84098 | Depths:2 | Gained mutation: Your flesh is heat resistant. (rF+)
                  | [Jiyva's grace]
 84098 | Depths:2 | Gained mutation: Your flesh is very heat resistant. (rF++)
                  | [Jiyva's grace]
 84098 | Depths:2 | Gained mutation: Your flesh is almost immune to the effects
                  | of heat. (rF+++) [Jiyva's grace]
 84177 | Depths:2 | Reached skill level 23 in Fighting
 84524 | Depths:2 | Reached skill level 15 in Translocations
 84568 | Depths:2 | Found a one-way gate leading to the halls of Pandemonium.
 84735 | Depths:2 | a +1 plate armour of willpower; a +0 battleaxe; a +2
                  | antimagic quick blade {rare}
 84755 | Depths:2 | You add the spell Apportation to your library.
 84755 | Depths:2 | Got Sif Muna's Spellbook of Interference and Translocation
 84777 | Depths:2 | Found a runed translucent door.
 84803 | Depths:2 | Found a runed translucent door.
 84803 | Depths:2 | Noticed a dread lich
 84829 | Depths:2 | Killed a dread lich
 84864 | Depths:2 | You add the spell Call Imp to your library.
 84884 | Depths:2 | a +1 plate armour of willpower; a +0 battleaxe; a +2
                  | antimagic quick blade {rare}
 84886 | Depths:2 | a +0 quick blade {rare}; a +0 robe
 84931 | Depths:2 | Found Niassul's Tremendous Tomes.
 85156 | Depths:2 | Found a sparkling altar of Nemelex Xobeh.
 85200 | Depths:2 | Noticed a caustic shrike
 85200 | Depths:2 | Noticed a caustic shrike
 85201 | Depths:2 | Noticed a caustic shrike
 85204 | Depths:2 | Noticed a caustic shrike
 85207 | Depths:2 | Killed a caustic shrike
 85207 | Depths:2 | Killed a caustic shrike
 85209 | Depths:2 | Killed a caustic shrike
 85213 | Depths:2 | Killed a caustic shrike
 85348 | Depths:3 | Reached skill level 16 in Spellcasting
 85554 | Depths:3 | Found a one-way gateway to a ziggurat.
 85578 | Depths:3 | Reached ****** piety under Jiyva
 85835 | Depths:3 | Found Gafelul's Book Shop.
 85860 | Depths:3 | Reached skill level 15 in Armour
 85942 | Depths:3 | Found a one-way gate to the infinite horrors of the Abyss.
 86053 | Depths:3 | Noticed a juggernaut
 86055 | Depths:3 | Reached skill level 24 in Fighting
 86058 | Depths:3 | Killed a juggernaut
 86099 | Depths:3 | Identified the +0 shortbow of Inut {heavy, Will+ Str+3
                  | Stlth+}
 86109 | Depths:3 | Identified the +7 hand axe "Vuquiwk" {venom, rElec Int+4}
 86152 | Depths:3 | Reached XP level 25. HP: 289/289 MP: 33/43
 86241 | Depths:3 | Identified the staff of Netrenirr {rElec Dex+3 Air}
 86497 | Depths:3 | Noticed Jory
 86503 | Depths:3 | Killed Jory
 86552 | Depths:3 | You add the spell Olgreb's Toxic Radiance to your library.
 86560 | Depths:3 | Noticed a caustic shrike
 86566 | Depths:3 | Killed a caustic shrike
 86567 | Depths:3 | Reached skill level 17 in Spellcasting
 86587 | Depths:3 | Noticed a caustic shrike
 86590 | Depths:3 | Killed a caustic shrike
 87068 | Slime:5  | You add the spell Summon Small Mammal to your library.
 87086 | Slime:5  | You add the spell Summon Horrible Things to your library.
 87103 | Slime:5  | You add the spells Cigotuvi's Dreadful Rot, Hailstorm and
                  | Fugue of the Fallen to your library.
 87103 | Slime:5  | Got the Handbook of Sepulchral Frostbite
 87162 | Slime:5  | You add the spells Sandblast, Passwall, Stone Arrow and
                  | Brom's Barrelling Boulder to your library.
 87163 | Slime:5  | Identified the staff "Sulidut" {rN+ Conj}
 87188 | Slime:5  | Identified the staff of Dougo {rElec rN+ Dex+2 Stlth+
                  | Necro}
 87206 | Slime:5  | Identified the +10 flail "Goblinslayer" {spect, Int+6}
 87208 | Slime:5  | Got a slimy rune of Zot
 87209 | Slime:5  | Identified the staff of the Onslaught {rF+ rC+ Necro Fire}
 87210 | Slime:5  | Identified the +2 long sword of Bumem {freeze, Str+4}
 87229 | Slime:5  | Identified the staff "Hiteb" {rF+ Will- Hexes Fire Earth}
 87231 | Slime:5  | Identified the +11 battleaxe of Mourning {pain, Str+4}
 87233 | Slime:5  | Identified the +0 arbalest of Yeast {flame, rF- Str+5 SInv}
 87235 | Slime:5  | Identified the +3 sling of Viss {flame, ^Drain rC+ Str+2
                  | Int+2}
 87935 | D:4      | Killed Goblin1989's ghost
 88285 | Depths:4 | Entered Level 4 of the Depths
 88285 | Depths:4 | Noticed a caustic shrike
 88285 | Depths:4 | Noticed a caustic shrike
 88285 | Depths:4 | Noticed a caustic shrike
 88285 | Depths:4 | Noticed a caustic shrike
 88285 | Depths:4 | Noticed a caustic shrike
 88288 | Depths:4 | Killed a caustic shrike
 88294 | Depths:3 | Killed a caustic shrike
 88296 | Depths:3 | Killed a caustic shrike
 88296 | Depths:3 | Killed a caustic shrike
 88367 | Depths:3 | Killed a caustic shrike
 88368 | Depths:3 | Reached skill level 1 in Evocations
 88556 | Depths:4 | Reached skill level 3 in Shields
 88600 | Depths:4 | +0 shadow dragon scales {rare}; a shadow dragon corpse
 88603 | Depths:4 | Reached skill level 16 in Armour
 88701 | Depths:4 | Noticed a caustic shrike
 88708 | Depths:4 | Killed a caustic shrike
 88708 | Depths:4 | Noticed a caustic shrike
 88709 | Depths:4 | Reached skill level 2 in Evocations
 88712 | Depths:4 | Killed a caustic shrike
 88753 | Depths:4 | Noticed a caustic shrike
 88757 | Depths:4 | Killed a caustic shrike
 88816 | Depths:4 | Lost mutation: Your flesh is almost immune to the effects
                  | of heat. (rF+++) [Jiyva's grace]
 88816 | Depths:4 | Lost mutation: Your flesh is very heat resistant. (rF++)
                  | [Jiyva's grace]
 88816 | Depths:4 | Lost mutation: You are somewhat resistant to further
                  | mutation. [Jiyva's grace]
 88816 | Depths:4 | Gained mutation: You have a small jelly attached to you
                  | that senses nearby items. [Jiyva's grace]
 88816 | Depths:4 | Gained mutation: Your flesh is cold resistant. (rC+)
                  | [Jiyva's grace]
 88816 | Depths:4 | Gained mutation: Your flesh is very cold resistant. (rC++)
                  | [Jiyva's grace]
 88816 | Depths:4 | Gained mutation: Your flesh is almost immune to the effects
                  | of cold. (rC+++) [Jiyva's grace]
 88952 | Depths:4 | Reached skill level 5 in Dodging
 88988 | Depths:4 | Found a gate to the Realm of Zot.
 89022 | Depths:4 | Noticed a caustic shrike
 89022 | Depths:4 | Noticed a caustic shrike
 89025 | Depths:4 | Killed a caustic shrike
 89029 | Depths:4 | Killed a caustic shrike
 89095 | Depths:4 | Noticed Vv
 89108 | Depths:4 | Killed Vv
 89441 | Hell     | Entered the Vestibule of Hell
 89441 | Hell     | Noticed Geryon
 89505 | Hell     | Reached skill level 3 in Evocations
 89680 | Hell     | Killed Geryon
 89830 | Hell     | Found a gateway to the decaying netherworld of Tartarus.
 89848 | Hell     | Reached skill level 6 in Dodging
 89894 | Hell     | Found a gateway to the ashen valley of Gehenna.
 90063 | Hell     | Found a gateway to the Iron City of Dis.
 90130 | Hell     | Found a gateway to the freezing wastes of Cocytus.
 90296 | Depths:3 | Voluntarily entered the Abyss.
 90306 | Abyss:1  | Found a corrupted altar of Lugonu.
 90311 | Abyss:1  | Reached skill level 18 in Spellcasting
 90314 | Abyss:1  | Lost mutation: Your flesh is almost immune to the effects
                  | of cold. (rC+++) [Jiyva's grace]
 90314 | Abyss:1  | Lost mutation: You expend magic power (3 MP) to strengthen
                  | your wands. [Jiyva's grace]
 90314 | Abyss:1  | Gained mutation: You have an increased reservoir of magic.
                  | (+10% MP) [Jiyva's grace]
 90314 | Abyss:1  | Gained mutation: You have a considerably increased
                  | reservoir of magic. (+20% MP) [Jiyva's grace]
 90314 | Abyss:1  | Gained mutation: You have a greatly increased reservoir of
                  | magic. (+30% MP) [Jiyva's grace]
 90314 | Abyss:1  | Gained mutation: You have a somewhat thin skeletal
                  | structure. (Dex +2, Stealth+) [Jiyva's grace]
 90398 | Abyss:1  | Found a corrupted altar of Lugonu.
 90408 | Abyss:1  | Found a corrupted altar of Lugonu.
 90495 | Abyss:1  | Found a corrupted altar of Lugonu.
 90586 | Abyss:1  | Found a corrupted altar of Lugonu.
 90590 | Abyss:1  | Reached skill level 4 in Evocations
 90653 | Abyss:2  | Found a corrupted altar of Lugonu.
 90727 | Abyss:2  | Reached XP level 26. HP: 297/302 MP: 45/58
 90919 | Abyss:2  | Found a corrupted altar of Lugonu.
 91002 | Abyss:3  | Found a corrupted altar of Lugonu.
 91224 | Abyss:3  | Reached skill level 7 in Dodging
 91279 | Depths:3 | You pass through the gate.
 91279 | Depths:3 | Escaped the Abyss
 91281 | Depths:3 | Voluntarily entered the Abyss.
 91281 | Abyss:3  | Found a corrupted altar of Lugonu.
 91397 | Abyss:3  | Reached skill level 5 in Evocations
 91401 | Abyss:3  | Reached skill level 25 in Fighting
 91467 | Abyss:3  | Got an abyssal rune of Zot
 91747 | Abyss:3  | magus.rc [v1.11.7]
 91748 | Depths:3 | You pass through the gate.
 91748 | Depths:3 | Escaped the Abyss
 92038 | Vaults:4 | Learned a level 1 spell: Apportation
 92038 | Vaults:4 | magus.rc [v1.11.7]
 92039 | Vaults:5 | Entered Level 5 of the Vaults
 92054 | Vaults:5 | Reached skill level 17 in Armour
 92057 | Vaults:5 | Reached skill level 23 in Maces & Flails
 92255 | Vaults:5 | Identified the +7 arbalest "Tidaroxt" {penet, rC+ rN+}
 92290 | Vaults:5 | Identified the +3 morningstar of Truncation {flame, rC+
                  | Str+4 Dex-4}
 92308 | Vaults:5 | You add the spell Kiss of Death to your library.
 92308 | Vaults:5 | Got the Lectures on Misery and Curses
 92415 | Vaults:5 | Reached skill level 24 in Maces & Flails
 92481 | Vaults:5 | You add the spells Chain Lightning, Fire Storm and Shatter
                  | to your library.
 92492 | Vaults:5 | Got the Grimoire of the Generative Fjord
 92566 | Vaults:5 | Identified the +3 falchion "Tommoc" {spect, rPois rC+ Int+5
                  | Dex-5}
 92566 | Vaults:5 | an ogre mage comes into view. It is wielding the +3
                  | falchion "Tommoc" {spect, rPois rC+ Int+5 Dex-5} and
                  | wearing the +5 robe of Night {Dark Will+ SInv}.
 92567 | Vaults:5 | Aim: an ogre mage, wielding the +3 falchion "Tommoc"
                  | {spect, rPois rC+ Int+5 Dex-5} and wearing the +5 robe of
                  | Night {Dark Will+ SInv} (94% to hit)
 92567 | Vaults:5 | Aim: an ogre mage, wielding the +3 falchion "Tommoc"
                  | {spect, rPois rC+ Int+5 Dex-5} and wearing the +5 robe of
                  | Night {Dark Will+ SInv} (94% to hit)
 92621 | Vaults:5 | Got a silver rune of Zot
 92682 | Vaults:5 | Reached XP level 27. HP: 314/314 MP: 17/58
 92700 | Vaults:5 | Reached skill level 25 in Maces & Flails
 92763 | Vaults:5 | Identified the +4 great sword of Defiance {elec, rF+ Dex+2}
 92836 | Vaults:5 | Lost mutation: Your flesh is heat resistant. (rF+) [Jiyva's
                  | grace]
 92836 | Vaults:5 | Gained mutation: You have hidden genetic potential.
                  | [Jiyva's grace]
 92836 | Vaults:5 | Gained mutation: You have great hidden genetic potential.
                  | [Jiyva's grace]
 92836 | Vaults:5 | Gained mutation: You are robust. (+10% HP) [Jiyva's grace]
 92836 | Vaults:5 | Gained mutation: You are very robust. (+20% HP) [Jiyva's
                  | grace]
 93886 | Elf:2    | magus.rc [v1.11.7]
 93887 | Elf:2    | y - a +0 eveningstar of freezing {rare}
 94778 | Zot:1    | Entered Level 1 of the Realm of Zot
 94778 | Zot:1    | Noticed an electric golem
 94784 | Zot:1    | You add the spell Call Canine Familiar to your library.
 94791 | Zot:1    | Killed an electric golem
 94815 | Zot:1    | quicksilver dragon scales {rare}; a quicksilver dragon
                  | corpse
 94816 | Zot:1    | z - quicksilver dragon scales {rare}
 94846 | Zot:1    | Reached skill level 26 in Maces & Flails
 94856 | Zot:1    | Reached skill level 1 in Shapeshifting
 94964 | Zot:1    | Found a transporter.
 95083 | Zot:1    | Reached skill level 2 in Shapeshifting
 95103 | Zot:1    | Found a transporter.
 95321 | Zot:1    | Reached skill level 3 in Shapeshifting
 95551 | Zot:1    | Noticed an ancient lich
 95553 | Zot:1    | Noticed an orb of fire
 95556 | Zot:1    | Noticed an electric golem
 95612 | Zot:1    | Killed an orb of fire
 95613 | Zot:1    | Reached skill level 4 in Shapeshifting
 95669 | Zot:1    | Noticed a curse toe
 95673 | Zot:1    | Killed a curse toe
 95686 | Zot:1    | +0 shadow dragon scales {rare}; a shadow dragon corpse
 95722 | Zot:1    | +0 shadow dragon scales {rare}; a shadow dragon corpse
 95727 | Zot:1    | Reached skill level 5 in Shapeshifting
 95747 | Zot:1    | Killed an electric golem
 95754 | Zot:1    | +0 shadow dragon scales {rare}; a shadow dragon corpse
 95775 | Zot:1    | Killed an ancient lich
 95862 | Zot:1    | Identified the ring of Life {Ice Fly rElec rN+ Str+2 Int-5}
 95863 | Zot:1    | Identified the ring of Woepo {AC+4 Dex+8}
 95904 | Zot:2    | Noticed an electric golem
 95915 | Zot:2    | Killed an electric golem
 95924 | Zot:2    | Reached skill level 6 in Shapeshifting
 95958 | Zot:2    | Noticed an electric golem
 95976 | Zot:2    | Noticed a curse toe
 95978 | Zot:2    | Killed an electric golem
 95980 | Zot:2    | Killed a curse toe
 95985 | Zot:2    | +0 shadow dragon scales {rare}; a shadow dragon corpse
 96079 | Zot:2    | Reached skill level 7 in Shapeshifting
 96198 | Zot:2    | Lost mutation: You have a somewhat thin skeletal structure.
                  | (Dex +2, Stealth+) [Jiyva's grace]
 96198 | Zot:2    | Lost mutation: You have a greatly increased reservoir of
                  | magic. (+30% MP) [Jiyva's grace]
 96198 | Zot:2    | Gained mutation: You have acidic saliva. [Jiyva's grace]
 96198 | Zot:2    | Gained mutation: You expend magic power (3 MP) to
                  | strengthen your wands. [Jiyva's grace]
 96198 | Zot:2    | Gained mutation: Your rubbery body absorbs attacks. (AC +1,
                  | EV +1) [Jiyva's grace]
 96198 | Zot:2    | Gained mutation: Your pliable body absorbs attacks. (AC +2,
                  | EV +2) [Jiyva's grace]
 96470 | Zot:2    | Identified the orb of the Game of Kings {light, Harm Str+2
                  | Stlth+}
 96908 | Zot:3    | Reached skill level 27 in Maces & Flails
 96917 | Zot:3    | Reached skill level 8 in Shapeshifting
 96958 | Zot:3    | Learned a level 3 spell: Fugue of the Fallen
 96981 | Zot:3    | Gained mutation: You have sharp toenails. [hidden
                  | potential]
 97023 | Zot:3    | Reached skill level 9 in Shapeshifting
 97046 | Zot:3    | Reached skill level 1 in Necromancy
 97086 | Zot:3    | Reached skill level 2 in Necromancy
 97091 | Zot:3    | Noticed an orb of fire
 97097 | Zot:3    | Killed an orb of fire
 97748 | Zot:3    | Reached skill level 3 in Necromancy
 98148 | Zot:4    | Reached skill level 4 in Necromancy
 98320 | Zot:4    | Reached skill level 10 in Shapeshifting
 98394 | Zot:4    | Lost mutation: You have sharp toenails. [Jiyva's grace]
 98394 | Zot:4    | Lost mutation: Your flesh is very cold resistant. (rC++)
                  | [Jiyva's grace]
 98394 | Zot:4    | Lost mutation: Your flesh is cold resistant. (rC+) [Jiyva's
                  | grace]
 98394 | Zot:4    | Lost mutation: You are very robust. (+20% HP) [Jiyva's
                  | grace]
 98394 | Zot:4    | Lost mutation: You have a small jelly attached to you that
                  | senses nearby items. [Jiyva's grace]
 98394 | Zot:4    | Gained mutation: You have large cloven feet. [Jiyva's
                  | grace]
 98394 | Zot:4    | Gained mutation: You have hoof-like feet. [Jiyva's grace]
 98394 | Zot:4    | Gained mutation: You have hooves in place of feet. [Jiyva's
                  | grace]
 98394 | Zot:4    | Gained mutation: You are covered in fur. (AC +1) [Jiyva's
                  | grace]
 98461 | Zot:4    | Reached skill level 5 in Necromancy
 98674 | Zot:4    | Reached skill level 6 in Necromancy
 98679 | Zot:4    | Reached skill level 11 in Shapeshifting
 99010 | Zot:4    | Learned a level 4 spell: Animate Dead
 99017 | Zot:4    | Learned a level 6 spell: Death Channel
 99018 | Zot:5    | Entered Level 5 of the Realm of Zot
 99350 | Zot:5    | Reached skill level 7 in Necromancy
 99363 | Zot:5    | Noticed an ancient lich
 99369 | Zot:5    | Killed an ancient lich
 99372 | Zot:5    | Noticed a dread lich
 99373 | Zot:5    | Noticed an orb of fire
 99374 | Zot:5    | Noticed an orb of fire
 99376 | Zot:5    | Noticed an orb of fire
 99382 | Zot:5    | Killed an orb of fire
 99387 | Zot:4    | Killed an orb of fire
 99402 | Zot:5    | Noticed a dread lich
 99405 | Zot:5    | Reached skill level 8 in Necromancy
 99405 | Zot:5    | Reached skill level 12 in Shapeshifting
 99409 | Zot:5    | Killed a dread lich
 99475 | Zot:5    | Killed a dread lich
 99477 | Zot:5    | Killed an orb of fire
 99605 | Zot:5    | Noticed an electric golem
 99609 | Zot:5    | Killed an electric golem
 99610 | Zot:5    | Reached skill level 9 in Necromancy
 99802 | Zot:5    | Reached skill level 13 in Shapeshifting
 99808 | Zot:5    | Noticed an orb of fire
 99810 | Zot:5    | Lost mutation: You have a considerably increased reservoir
                  | of magic. (+20% MP) [an orb of fire]
 99811 | Zot:5    | Gained mutation: Your spells are a little easier to cast,
                  | but a little less powerful. [an orb of fire]
 99816 | Zot:5    | Killed an orb of fire
 99817 | Zot:5    | Noticed an orb of fire
 99821 | Zot:5    | Gained mutation: You have a considerably increased
                  | reservoir of magic. (+20% MP) [hidden potential]
 99821 | Zot:5    | Lost mutation: You have great hidden genetic potential.
                  | [hidden potential expressed]
 99822 | Zot:5    | Reached skill level 10 in Necromancy
 99823 | Zot:5    | Noticed an orb of fire
 99917 | Zot:5    | Noticed an electric golem
 99925 | Zot:5    | Killed an electric golem
 99975 | Zot:5    | Lost mutation: You possess an exceptional clarity of mind.
                  | [an orb of fire]
 99977 | Zot:5    | Killed an orb of fire
100008 | Zot:5    | Noticed a curse toe
100013 | Zot:5    | Killed a curse toe
100170 | Zot:5    | Lost mutation: You have a considerably increased reservoir
                  | of magic. (+20% MP) [an orb of fire]
100171 | Zot:5    | Gained mutation: You do not regenerate when monsters are
                  | visible. [an orb of fire]
100178 | Zot:5    | Gained mutation: You are weak. (Str -2) [an orb of fire]
100181 | Zot:5    | Lost mutation: You have an increased reservoir of magic.
                  | (+10% MP) [an orb of fire]
100182 | Zot:5    | Killed an orb of fire
100443 | Zot:1    | Lost mutation: You are covered in fur. (AC +1) [potion of
                  | mutation]
100443 | Zot:1    | Lost mutation: You have hooves in place of feet. [potion of
                  | mutation]
100443 | Zot:1    | Lost mutation: You are weak. (Str -2) [potion of mutation]
100443 | Zot:1    | Gained mutation: You have hooves in place of feet. [potion
                  | of mutation]
100533 | Depths:3 | magus.rc [v1.11.7]
100533 | Depths:3 | magus.rc [v1.11.7]
100533 | Depths:3 | magus.rc [v1.11.7]
100592 | Depths:3 | Voluntarily entered the Abyss.
100694 | Depths:3 | You pass through the gate.
100694 | Depths:3 | Escaped the Abyss
100740 | Depths:3 | Voluntarily entered the Abyss.
100785 | Abyss:3  | Reached skill level 11 in Necromancy
100815 | Abyss:3  | Reached skill level 14 in Shapeshifting
100898 | Abyss:3  | Paralysed by an air elemental for 1 turns
100900 | Abyss:3  | Paralysed by an air elemental for 1 turns
100903 | Depths:3 | You pass through the gate.
100903 | Depths:3 | Escaped the Abyss
100987 | Depths:3 | magus.rc [v1.11.7]
100988 | Depths:3 | Voluntarily entered the Abyss.
101065 | Abyss:3  | Found a corrupted altar of Lugonu.
101143 | Abyss:3  | Lost mutation: You have hooves in place of feet. [Jiyva's
                  | grace]
101143 | Abyss:3  | Lost mutation: You are robust. (+10% HP) [Jiyva's grace]
101143 | Abyss:3  | Lost mutation: You do not regenerate when monsters are
                  | visible. [Jiyva's grace]
101143 | Abyss:3  | Lost mutation: You have acidic saliva. [Jiyva's grace]
101143 | Abyss:3  | Gained mutation: You have acidic saliva. [Jiyva's grace]
101143 | Abyss:3  | Gained mutation: Your muscles are strong. (Str +4, Int/Dex
                  | -1) [Jiyva's grace]
101143 | Abyss:3  | Gained mutation: Your muscles are very strong. (Str +8,
                  | Int/Dex -2) [Jiyva's grace]
101143 | Abyss:3  | Gained mutation: Your gelatinous body deflects attacks. (AC
                  | +3, EV +3) [Jiyva's grace]
101158 | Abyss:3  | Gained mutation: You are frail. (-10% HP) [a neqoxec]
101457 | Depths:3 | You pass through the gate.
101457 | Depths:3 | Escaped the Abyss
101517 | Pan      | Entered Pandemonium
101646 | Pan      | Noticed Zunleib the pandemonium lord
101737 | Pan      | You add the spell Infestation to your library.
101852 | Pan      | Reached skill level 12 in Necromancy
101999 | Pan      | Noticed Sirphul the pandemonium lord
102006 | Pan      | Killed Sirphul the pandemonium lord
102088 | Pan      | magus.rc [v1.11.7]
102380 | Pan      | You add the spells Sublimation of Blood and Petrify to your
                  | library.
102428 | Pan      | Noticed Yxioseot the pandemonium lord
102433 | Pan      | Killed Yxioseot the pandemonium lord
102434 | Pan      | Reached skill level 8 in Dodging
102521 | Pan      | Reached skill level 15 in Shapeshifting
102666 | Pan      | Gained mutation: You are partially covered in iridescent
                  | scales. (AC +2) [hidden potential]
103088 | Pan      | Found a huge runed translucent gate.
103094 | Pan      | Lost mutation: You have hoof-like feet. [Jiyva's grace]
103094 | Pan      | Lost mutation: Your muscles are very strong. (Str +8,
                  | Int/Dex -2) [Jiyva's grace]
103094 | Pan      | Lost mutation: You expend magic power (3 MP) to strengthen
                  | your wands. [Jiyva's grace]
103094 | Pan      | Gained mutation: You are covered in slimy tendrils that may
                  | disarm your opponents. [Jiyva's grace]
103094 | Pan      | Lost mutation: You have large cloven feet. [Jiyva's grace]
103094 | Pan      | Gained mutation: You have sharp toenails. [Jiyva's grace]
103094 | Pan      | Gained mutation: You have razor-sharp toenails. [Jiyva's
                  | grace]
103094 | Pan      | Gained mutation: You have claws for feet. [Jiyva's grace]
103191 | Pan      | Acquired 760 gold pieces
103279 | Pan      | Noticed Hud Ush the pandemonium lord
103289 | Pan      | Killed Hud Ush the pandemonium lord
103823 | Pan      | Reached skill level 19 in Spellcasting
104109 | Pan      | Noticed Zaxter the pandemonium lord
104124 | Pan      | Killed Zaxter the pandemonium lord
104179 | Pan      | Reached skill level 13 in Necromancy
104183 | Pan      | Reached skill level 26 in Fighting
104271 | Pan      | Reached skill level 16 in Translocations
104271 | Pan      | Gained mutation: You occasionally lose the ability to read
                  | scrolls when taking damage. [a cacodemon]
104748 | Pan      | Lost mutation: You have claws for feet. [Jiyva's grace]
104748 | Pan      | Lost mutation: You are partially covered in iridescent
                  | scales. (AC +2) [Jiyva's grace]
104748 | Pan      | Lost mutation: You are frail. (-10% HP) [Jiyva's grace]
104748 | Pan      | Lost mutation: You have acidic saliva. [Jiyva's grace]
104748 | Pan      | Lost mutation: Your gelatinous body deflects attacks. (AC
                  | +3, EV +3) [Jiyva's grace]
104748 | Pan      | Lost mutation: You have razor-sharp toenails. [Jiyva's
                  | grace]
104748 | Pan      | Lost mutation: You have sharp toenails. [Jiyva's grace]
104748 | Pan      | Gained mutation: You have large cloven feet. [Jiyva's
                  | grace]
104748 | Pan      | Gained mutation: You have hoof-like feet. [Jiyva's grace]
104748 | Pan      | Gained mutation: You have hooves in place of feet. [Jiyva's
                  | grace]
104748 | Pan      | Gained mutation: Your body has grown eyes which may confuse
                  | attackers. (Acc +3) [Jiyva's grace]
105400 | Pan      | Gained mutation: Your body sometimes deteriorates upon
                  | taking damage. [a neqoxec]
105400 | Pan      | Noticed Beasusmo the pandemonium lord
105408 | Pan      | Killed Beasusmo the pandemonium lord
105409 | Pan      | Reached skill level 16 in Shapeshifting
105495 | Pan      | Identified the +3 leather armour of Happy Babbling {rElec
                  | Int+3}
105951 | Pan      | Entered the realm of Gloorx Vloq.
105993 | Pan      | Reached skill level 14 in Necromancy
106019 | Pan      | Found an exit through the horrors of the Abyss.
106361 | Pan      | magus.rc [v1.11.7]
106375 | Pan      | Noticed a curse skull
106378 | Pan      | Killed a curse skull
106399 | Pan      | Reached skill level 27 in Fighting
106465 | Pan      | Lost mutation: You have hooves in place of feet. [Jiyva's
                  | grace]
106465 | Pan      | Lost mutation: Your muscles are strong. (Str +4, Int/Dex
                  | -1) [Jiyva's grace]
106465 | Pan      | Lost mutation: You are covered in slimy tendrils that may
                  | disarm your opponents. [Jiyva's grace]
106465 | Pan      | Gained mutation: You have a small jelly attached to you
                  | that senses nearby items. [Jiyva's grace]
106465 | Pan      | Gained mutation: Armour fits poorly on your pseudopods.
                  | [Jiyva's grace]
106465 | Pan      | Gained mutation: Armour fits poorly on your large
                  | pseudopods. [Jiyva's grace]
106465 | Pan      | Gained mutation: Armour fits poorly on your massive
                  | pseudopods. [Jiyva's grace]
106470 | Pan      | Noticed a curse skull
106473 | Pan      | Killed a curse skull
106494 | Pan      | Gained mutation: Your muscles are strong. (Str +4, Int/Dex
                  | -1) [hidden potential]
106494 | Pan      | Lost mutation: You have hidden genetic potential. [hidden
                  | potential expressed]
106660 | Pan      | Noticed Gloorx Vloq
106699 | Pan      | HP: 71/323 [Executioner[Gloorx Vloq] (13)]
106705 | Pan      | HP: 73/323 [Executioner[Gloorx Vloq] (15)]
106710 | Pan      | HP: 60/323 [Executioner[Gloorx Vloq] (17)]
106755 | Pan      | Killed Gloorx Vloq
106757 | Pan      | Got a dark rune of Zot
107079 | Pan      | Lost mutation: Your body has grown eyes which may confuse
                  | attackers. (Acc +3) [potion of mutation]
107079 | Pan      | Lost mutation: Armour fits poorly on your massive
                  | pseudopods. [potion of mutation]
107079 | Pan      | Lost mutation: Your body sometimes deteriorates upon taking
                  | damage. [potion of mutation]
107079 | Pan      | Gained mutation: You have a pair of horns on your head.
                  | [potion of mutation]
107080 | Pan      | Lost mutation: Your pliable body absorbs attacks. (AC +2,
                  | EV +2) [potion of mutation]
107080 | Pan      | Lost mutation: Your muscles are strong. (Str +4, Int/Dex
                  | -1) [potion of mutation]
107080 | Pan      | Lost mutation: You have a pair of horns on your head.
                  | [potion of mutation]
107080 | Pan      | Gained mutation: You expend magic power (3 MP) to
                  | strengthen your wands. [potion of mutation]
107080 | Pan      | Gained mutation: You passively map a small area around you.
                  | [potion of mutation]
107081 | Pan      | Lost mutation: Your spells are a little easier to cast, but
                  | a little less powerful. [potion of mutation]
107081 | Pan      | Lost mutation: You passively map a small area around you.
                  | [potion of mutation]
107081 | Pan      | Lost mutation: You occasionally lose the ability to read
                  | scrolls when taking damage. [potion of mutation]
107081 | Pan      | Gained mutation: Your flesh is heat resistant. (rF+)
                  | [potion of mutation]
107083 | Depths:3 | You pass through the gate.
107083 | Depths:3 | Escaped Pandemonium
107344 | Depths:2 | You drop a +0 eveningstar of freezing {rare}.
107345 | Depths:2 | You drop quicksilver dragon scales {rare}.
107424 | Zig:1    | Entered Level 1 of a ziggurat
107437 | Zig:2    | Entered Level 2 of a ziggurat
107441 | Zig:2    | Gained mutation: You occasionally lose the ability to drink
                  | potions when taking damage. [a neqoxec]
107461 | Zig:3    | Entered Level 3 of a ziggurat
107477 | Zig:3    | Reached skill level 17 in Shapeshifting
107490 | Zig:4    | Entered Level 4 of a ziggurat
107495 | Zig:4    | Noticed Vixki the pandemonium lord
107503 | Zig:4    | Killed Vixki the pandemonium lord
107528 | Zig:5    | Entered Level 5 of a ziggurat
107532 | Zig:5    | Found the +7 lajatang of Order {silver, rMut}
107547 | Zig:5    | Identified +0 pearl dragon scales
107549 | Zig:5    | z - +0 pearl dragon scales {rare}
107657 | Zig:6    | Entered Level 6 of a ziggurat
107678 | Zig:7    | Entered Level 7 of a ziggurat
107684 | Zig:7    | Noticed Ario the pandemonium lord
107686 | Zig:7    | Reached skill level 15 in Necromancy
107690 | Zig:7    | Killed Ario the pandemonium lord
107697 | Zig:7    | Identified the +0 dagger "Orb Guardian's Doom" {elec, rC+}
107735 | Zig:8    | Entered Level 8 of a ziggurat
107741 | Zig:8    | Noticed a juggernaut
107749 | Zig:8    | Killed a juggernaut
107762 | Zig:8    | Identified the +2 orcbow of Kipnam {drain, Dex+3}
107767 | Zig:8    | Identified the +4 short sword "Worm" {drain, rPois}
107775 | Zig:9    | Entered Level 9 of a ziggurat
107831 | Zig:10   | Entered Level 10 of a ziggurat
107839 | Zig:10   | Noticed a royal mummy
107849 | Zig:10   | Killed a royal mummy
107872 | Zig:10   | Identified the +6 shortbow of Wyrd {elec, rC+}
107873 | Zig:10   | Got the Compilation of Rotting Anemomancy
107873 | Zig:10   | You add the spells Iskenderun's Battlesphere and Bombard to
                  | your library.
107916 | Zig:11   | Entered Level 11 of a ziggurat
107921 | Zig:11   | Noticed an ancient lich
107925 | Zig:11   | Noticed a dread lich
107926 | Zig:11   | Killed an ancient lich
107928 | Zig:11   | Noticed an ancient lich
107929 | Zig:11   | Reached skill level 16 in Necromancy
107929 | Zig:11   | Reached skill level 18 in Shapeshifting
107930 | Zig:11   | Killed an ancient lich
107931 | Zig:11   | Killed a dread lich
107942 | Zig:11   | You add the spells Ensorcelled Hibernation and Sticky Flame
                  | to your library.
107942 | Zig:11   | Got Aleodof's Spellbook of Singed Graupel
107962 | Zig:12   | Entered Level 12 of a ziggurat
107987 | Zig:12   | Found the +2 shield of Resistance {rF++ rC++ Will++}
107997 | Zig:12   | Got the Almanac of Iniquitous Magic
108047 | Zig:13   | Entered Level 13 of a ziggurat
108061 | Zig:13   | Reached skill level 17 in Necromancy
108091 | Zig:13   | Got the Cyclopedia of Grit and the Curse
108116 | Zig:13   | Got Sif Muna's Papyrus of the Ghastly Mob
108119 | Zig:14   | Entered Level 14 of a ziggurat
108129 | Zig:14   | Learned a level 8 spell: Infestation
108140 | Zig:14   | Noticed a curse skull
108144 | Zig:14   | Noticed an ancient lich
108148 | Zig:14   | Noticed a curse skull
108152 | Zig:14   | Killed an ancient lich
108157 | Zig:14   | Killed a curse skull
108170 | Zig:14   | Killed a curse skull
108204 | Zig:14   | Identified the ring "Oset" {Wiz rF+}
108209 | Zig:14   | Identified the ring of Voryl {rC+ Str+6 Slay+3}
108211 | Zig:14   | Identified the amulet "Gokino" {rC+ Regen+ MP+9 Slay+2}
108226 | Zig:15   | Entered Level 15 of a ziggurat
108251 | Zig:15   | Paralysed by a wendigo for 1 turns
108277 | Zig:15   | Identified the ring "Jigyliag" {Fire Int-5 Dex+3 SInv}
108278 | Zig:15   | Identified the +10 sling of Bumin {freeze, rF+ Will- Str+4}
108279 | Zig:15   | Identified the +3 kite shield "Ladyabis" {+Inv rPois rN+
                  | Str+4}
108287 | Zig:15   | Identified the +4 plate armour of the Trees {rC+}
108288 | Zig:15   | You add the spell Ignite Poison to your library.
108288 | Zig:15   | You add the spell Alistair's Intoxication to your library.
108289 | Zig:15   | Reached skill level 9 in Dodging
108378 | Zig:16   | Entered Level 16 of a ziggurat
108394 | Zig:16   | Reached skill level 12 in Throwing
108394 | Zig:16   | Reached skill level 18 in Necromancy
108480 | Zig:16   | Identified the +7 glaive of Royalism {flame, Str+3}
108483 | Zig:16   | Identified the +10 mace "Pakatack" {speed, rF+ Dex+3}
108489 | Zig:16   | Identified the +2 flail of the Keeping Fox {vamp, rN+
                  | Dex+2}
108493 | Zig:17   | Entered Level 17 of a ziggurat
108511 | Zig:17   | Identified the +3 executioner's axe of Zalyxeiq {spect,
                  | *Noise rN+ Will++ Int+2}
108910 | Zot:5    | Got the Orb of Zot
109536 | D:$      | Escaped with the Orb!

Vanquished Creatures
  Gloorx Vloq (Pan)
  Frederick (Vaults:4)
  4 dread liches
  8 orbs of fire
  5 ancient liches
  Mennas (Vaults:4)
  2 juggernauts
  A royal mummy (Zig:10)
  Vv (Depths:4)
  3 shard shrikes (Zig:15)
  Boris (Depths:1)
  3 Killer Klowns (Zot:5)
  Bai Suzhen (Swamp:3)
  Vashnia (Snake:3)
  Margery (Vaults:4)
  16 caustic shrikes
  3 curse toes
  Geryon (Hell)
  6 golden dragons
  Norris (Vaults:4)
  Jory (Depths:3)
  2 bone dragons
  An iron giant (Zig:8)
  6 electric golems
  A Brimstone Fiend (Pan)
  4 Tzitzimimeh
  7 pandemonium lords
  2 tainted leviathans (Zig:15)
  3 Hell Sentinels
  14 tentacled monstrosities
  9 Ice Fiends
  Rupert (Lair:3)
  26 Orb Guardians
  Jorgrun (Swamp:3)
  5 liches
  A shard shrike skeleton (Abyss:3)
  9 titans
  2 deep elf blademasters (Elf:3)
  Asterion (Snake:4)
  A searing wretch (Vaults:4)
  10 quicksilver dragons
  4 deep elf master archers
  9 sphinxes
  An ancient champion (Vaults:3)
  18 acid blobs
  12 death cobs
  8 tentacled starspawn
  27 Executioners
  A thorn hunter (Swamp:3)
  Agnes (Elf:1)
  6 tengu reavers
  6 protean progenitors
  Aizul (Snake:2)
  5 revenants
  Donald (Swamp:4)
  The ghost of Daviar the Warrior, an adept GrRe of Okawaru (Swamp:4)
  21 shadow dragons
  4 azure jellies
  18 storm dragons
  3 demonspawn warmongers (Pan)
  8 draconian knights
  3 narguns (Zig:15)
  Roxanne (Snake:2)
  A daeva (Abyss:3)
  15 nagarajas
  6 rockslimes
  7 fire giants
  8 draconian monks
  15 balrugs
  4 ghouls
  8 deep elf sorcerers
  5 draconian scorchers
  7 draconian shifters
  3 iron dragons
  4 curse skulls
  13 frost giants
  17 vault wardens
  A juggernaut zombie (Hell)
  4 ghost moths
  3 draconian stormcallers
  An orc warlord (Depths:1)
  2 deep elf elementalists (Elf:3)
  14 cacodemons
  5 very ugly things
  18 reapers
  6 formless jellyfish
  8 draconian annihilators
  4 ironbound thunderhulks
  6 demonspawn blood saints
  A spriggan defender (Depths:2)
  8 demonspawn corrupters
  17 stone giants
  11 quicksilver oozes
  24 ironbound preservers
  3 caustic shrike skeletons (Pan)
  9 black draconians
  5 eleionomae
  16 green draconians
  7 lorocyprocas
  3 juggernaut skeletons (Pan)
  16 dire elephants
  10 white draconians
  9 deep elf demonologists
  A demonspawn black sun (Zig:15)
  2 bennus (Zig:10)
  5 vampire knights
  9 deep elf annihilators
  3 halazid warlocks (Desolation)
  4 war gargoyles
  10 deep elf death magi
  13 red draconians
  7 bunyips
  7 spark wasps
  3 wendigos
  Azrael (Elf:1)
  11 purple draconians
  12 yellow draconians
  9 starcursed masses (Abyss:3)
  9 blizzard demons
  13 ettins
  2 iron golems (Hell)
  An eidolon (Zig:14)
  A merfolk impaler (Abyss:3)
  A mummy priest (Zig:10)
  Josephine (D:13)
  8 green deaths
  4 jiangshi
  7 ragged hierophants (Desolation)
  6 deep elf high priests
  4 entropy weavers
  18 yaktaur captains
  10 fire dragons
  4 crystal guardians
  6 great orbs of eyes
  34 vault guards
  7 hell beasts
  8 salamander tyrants
  7 peacekeepers
  5 ice dragons
  7 servants of whispers (Desolation)
  2 spriggan skeletons
  15 hydras
  11 alligators
  3 ogre magi
  A sphinx zombie (Hell)
  2 catoblepae (D:14)
  A two-headed ogre (shapeshifter) (D:14)
  2 ghost crabs
  9 ironbound frosthearts
  11 boulder beetles
  2 spriggan air magi
  5 centaur warriors
  31 dancing weapons
  Erica (D:11)
  2 death knights (Abyss:2)
  10 two-headed ogres
  12 anacondas
  A titan zombie (Hell)
  6 tengu warriors
  6 vampire magi
  A death yak (Lair:4)
  22 naga warriors
  A sphinx skeleton (Vaults:3)
  2 death scarabs (Zig:10)
  11 deep troll shamans
  9 deep troll earth magi
  5 demonic crawlers
  An orc high priest (Zig:13)
  5 spriggan berserkers
  10 shock serpents
  Urug (D:13)
  An occultist (Abyss:3)
  A spectral dire elephant (Lair:5)
  11 hell hogs
  28 soul eaters
  16 naga sharpshooters
  Amaemon (Lair:1)
  46 sun demons
  14 thrashing horrors
  16 deep elf knights
  17 hell knights
  2 storm dragon zombies (Hell)
  6 skeletal warriors
  2 golden dragon zombies
  4 salamander mystics
  4 shadow wraiths
  10 sixfirhies
  A spectral death yak (Lair:5)
  14 iron trolls
  6 wretched stars
  2 titan skeletons
  80 deep trolls
  2 spark wasp zombies
  A spectral anaconda (Lair:5)
  7 spriggan druids
  11 flayed ghosts
  A fire crab (Lair:5)
  5 skysharks
  8 goliath frogs
  A glowing orange brain (D:15)
  48 large abominations
  A sun moth (Zig:17)
  16 swamp dragons
  2 bog bodies (Swamp:3)
  A sun moth (shapeshifter) (D:15)
  16 mana vipers
  16 deep elf archers
  3 arcanists (Vaults:2)
  18 ironbound convokers
  2 obsidian statues
  11 naga ritualists
  5 shadow demons
  A spriggan simulacrum (Hell)
  Pikel (D:4)
  13 lindwurms
  3 phantasmal warriors (Vaults:5)
  A steelbarb worm (Zig:17)
  11 orc knights
  2 shadow dragon zombies (Hell)
  9 necromancers
  36 deep elf zephyrmancers
  38 deep elf pyromancers
  11 cyclopes
  An iron dragon zombie (Zig:10)
  2 manticores (D:14)
  8 shining eyes
  13 salamanders
  A tengu skeleton (Vaults:3)
  2 orc sorcerers
  An elf skeleton (Vaults:3)
  7 worldbinders
  A will-o-the-wisp (Swamp:3)
  Maurice (D:11)
  24 ugly things
  An elephant (shapeshifter) (Zig:3)
  A fire giant skeleton (Vaults:2)
  33 moths of wrath
  7 human skeletons
  9 rust devils
  A meliai (shapeshifter) (Depths:2)
  2 ice statues (IceCv)
  14 guardian serpents
  39 black mambas
  3 stone giant skeletons (Vaults:3)
  A kobold blastminer (Orc:2)
  21 elephants
  A gargoyle (D:14)
  11 orange demons
  A water nymph (Zot:2)
  3 eyes of devastation
  38 smoke demons
  21 vault sentinels
  12 naga magi
  6 hellions
  8 cane toads
  2 unseen horrors
  An unseen horror (shapeshifter) (D:13)
  A torpor snail (Zig:15)
  2 komodo dragons (Lair:5)
  6 tormentors
  2 rime drakes
  Jeremiah (D:6)
  A bunyip simulacrum (Hell)
  7 guardian mummies
  An ice devil (D:1)
  2 tengu conjurers
  3 efreet
  9 freezing wraiths
  3 red devils (Pan)
  31 yaktaurs
  8 ancient zymes
  12 trolls
  2 yaktaur skeletons (Vaults:1)
  A tarantella (shapeshifter) (Vaults:5)
  4 bloated husks
  10 raiju
  A merfolk (shapeshifter) (Elf:3)
  8 hellwings (Pan)
  A polar bear (Lair:4)
  17 blink frogs
  58 saltlings (Desolation)
  11 tyrant leeches
  Grinder (D:6)
  A stone giant simulacrum (Abyss:3)
  6 hornets
  An iron dragon simulacrum (Hell)
  2 spriggan zombies (Hell)
  2 glass eyes
  2 meliai zombies (D:11)
  3 air elementals
  144 slime creatures
  2 vampires (D:11)
  3 jumping spiders
  5 shadows
  An ettin skeleton (Vaults:3)
  10 wraiths
  3 dire elephant simulacra (Lair:5)
  7 spriggans
  4 water elementals
  A wyvern (shapeshifter) (Abyss:2)
  33 ynoxinuls
  A culicivora (Zig:17)
  7 fire elementals
  53 yaks
  5 basilisks
  3 fire bats (Abyss:3)
  4 wyverns
  4 golden eyes (Slime:1)
  A redback (Vaults:3)
  A steam dragon (D:8)
  4 vampire mosquitoes (Swamp:3)
  17 chaos spawn
  18 neqoxecs
  2 harpy simulacra (Abyss:3)
  2 spatial vortices (Abyss:3)
  15 swamp worms
  An acid dragon (D:14)
  25 small abominations
  3 spectral cane toads (Lair:5)
  32 nagas
  2 hell hounds (Elf:1)
  A water moccasin (shapeshifter) (D:14)
  2 glowing shapeshifter zombies (Hell)
  5 great orb of eyes simulacra (IceCv)
  Duvessa (D:7)
  25 water moccasins
  9 swamp drakes
  3 sky beasts
  A black bear (Lair:1)
  2 glowing shapeshifter skeletons
  11 orc warriors
  2 ettin simulacra
  An ice beast (D:6)
  29 laughing skulls
  18 ogres
  2 crocodiles (Sewer)
  A boggart (Vaults:3)
  4 centaurs
  9 wolves
  3 slime creature simulacra (IceCv)
  An elephant skeleton (Lair:5)
  2 phantoms
  A kobold brigand (D:4)
  3 weeping skulls
  3 elf zombies (Ossuary)
  Blork the orc (D:6)
  15 bullfrogs
  4 brain worms (Abyss:3)
  2 glowing shapeshifter simulacra
  2 cane toad simulacra (Lair:5)
  4 scorpions
  An earth elemental (Elf:3)
  4 naga simulacra (Hell)
  12 wights
  Dowan (D:7)
  A burial acolyte (Ossuary)
  A killer bee (D:8)
  2 elephant simulacra (Lair:5)
  A swamp dragon simulacrum (Hell)
  5 electric eels
  5 howler monkeys
  3 human zombies
  7 centaur zombies
  7 hounds
  3 quasits (Abyss:3)
  An iron imp (Abyss:3)
  3 jellies (D:6)
  3 gnoll boudas
  A spectral scorpion (Ossuary)
  17 orc priests
  2 sleepcaps (D:6)
  4 iguanas
  18 orc wizards
  A sickly merfolk siren (Sewer)
  19 hell rats
  A malarious merfolk avatar (Sewer)
  2 shapeshifter simulacra (IceCv)
  A crocodile zombie (Ossuary)
  2 hound zombies (Ossuary)
  11 mummies
  14 gnolls
  11 adders
  6 river rats
  A shadow imp (D:8)
  4 white imps
  4 ufetubi
  2 adder zombies (Ossuary)
  The ghost of Goblin1989 the Sneak, a weakling DsDe (D:4)
  7 dart slugs
  3 ribbon worms
  45 orcs
  9 ball pythons
  2 endoplasms
  3 giant cockroaches
  6 goblins
  5 hobgoblins
  2 jackals (D:1)
  21 kobolds
  6 quokkas
  3 ball python zombies (Ossuary)
  6 bats
  9 frilled lizards
  3 gnoll zombies (Ossuary)
  8 jackal zombies (Ossuary)
  3 kobold zombies (Ossuary)
  32 rats
  9 aspiring fleshes
  2 lurking horrors (Abyss:3)
  4 starspawn tentacles
3162 creatures vanquished.

Vanquished Creatures (collateral kills)
  A shard shrike (Zig:15)
  the Lernaean hydra (Swamp:4)
  A deep elf blademaster (Zig:13)
  A titan (Zig:15)
  2 nagarajas (Zig:12)
  A draconian monk (Zig:16)
  A draconian knight (Zig:16)
  A draconian scorcher (Zig:16)
  A draconian annihilator (Zig:16)
  A green draconian (Zig:16)
  2 red draconians (Zig:16)
  A deep elf annihilator (Zig:13)
  3 wendigos (Zig:15)
  A purple draconian (Zig:16)
  Erolcha (D:11)
  2 hydras
  2 naga sharpshooters (Zig:12)
  2 deep elf archers (Zig:13)
  A deep elf zephyrmancer (Zig:13)
  A large abomination (Abyss:3)
  A hellion (Zig:15)
  A tormentor (Zig:15)
  A tengu simulacrum (Zig:15)
  A troll (Orc:2)
  2 nagas (Zig:12)
  A laughing skull (Abyss:3)
  An orc (Orc:2)
35 creatures vanquished.

Vanquished Creatures (others)
  A lich (Vaults:3)
  An eldritch tentacle (Pan)
  An azure jelly (Zig:15)
  A demonspawn warmonger (Pan)
  A draconian scorcher (Zig:16)
  A ghost moth (Abyss:3)
  A formless jellyfish (Vaults:4)
  3 great orbs of eyes
  An anaconda (shapeshifter) (Vaults:5)
  7 glowing orange brains
  2 deep trolls (Vaults:4)
  An anaconda zombie (Zig:12)
  A glowing orange brain (shapeshifter) (Vaults:5)
  A ghost moth zombie (Zig:17)
  3 shining eyes (Abyss:3)
  A faun (shapeshifter) (Vaults:5)
  A cyclops (shapeshifter) (Abyss:3)
  A draconian zombie (Zig:16)
  A smoke demon (Pan)
  2 vault sentinels (Vaults:4)
  A hellion (Pan)
  A purple draconian zombie (Zig:16)
  A large abomination (Abyss:3)
  A black draconian zombie (Zig:16)
  2 green draconian zombies (Zig:16)
  A steelbarb worm zombie (Zig:17)
  A demonic crawler zombie (Zig:17)
  A merfolk (shapeshifter) (Vaults:5)
  A culicivora zombie (Zig:17)
  A sun moth zombie (Zig:17)
  A polar bear (shapeshifter) (Vaults:4)
  A boulder beetle zombie (Zig:17)
  A glass eye (Abyss:3)
  2 jumping spider zombies (Zig:17)
  A raiju (Abyss:3)
  15 slime creatures
  A black mamba zombie (Zig:12)
  A ynoxinul (Pan)
  3 golden eyes (Abyss:3)
  An orc warrior (Orc:2)
  2 elf zombies
  A laughing skull (Abyss:3)
  2 naga zombies (Zig:12)
  An ogre (Orc:2)
  4 weeping skulls (Abyss:3)
  16 small abominations (Abyss:3)
  199 jellies
  A starcursed mass (Abyss:3)
  2 orcs
  6 foxfires (Swamp:3)
  11 starspawn tentacles
315 creatures vanquished.

Grand Total: 3512 creatures vanquished

Table legend:
 A = Non-vault XP
 B = Vault XP
 C = Vault XP percentage of total XP
 D = Non-vault monster count
 E = Vault monster count
 F = Vault count percentage of total count
                 A         B        C        D         E       F
            +---------+---------+-------+---------+---------+-------
      Total | 1258699 |  897854 |  41.6 |    2005 |    1164 |  36.7
            +---------+---------+-------+---------+---------+-------
        D:1 |      43 |       3 |   6.5 |      26 |       2 |   7.1
        D:2 |      94 |       0 |   0.0 |      21 |       0 |   0.0
        D:3 |      45 |       0 |   0.0 |      15 |       0 |   0.0
        D:4 |     423 |     942 |  69.0 |      12 |      20 |  62.5
        D:5 |     482 |       6 |   1.2 |       9 |       2 |  18.2
        D:6 |     486 |     714 |  59.5 |      10 |       3 |  23.1
        D:7 |    1590 |     211 |  11.7 |      29 |       2 |   6.5
        D:8 |    2830 |     519 |  15.5 |      22 |       6 |  21.4
        D:9 |    4801 |     130 |   2.6 |      35 |       1 |   2.8
       D:10 |    2142 |     357 |  14.3 |      12 |       8 |  40.0
       D:11 |     896 |    7989 |  89.9 |       5 |      25 |  83.3
       D:12 |    5557 |       9 |   0.2 |      25 |       6 |  19.4
       D:13 |    6457 |    2532 |  28.2 |      12 |       6 |  33.3
       D:14 |    5063 |   19339 |  79.3 |       9 |      28 |  75.7
       D:15 |    8279 |    5018 |  37.7 |      19 |       9 |  32.1
     Lair:1 |    4941 |     784 |  13.7 |      23 |       1 |   4.2
     Lair:2 |    7282 |    1486 |  16.9 |      27 |       2 |   6.9
     Lair:3 |    8297 |    4241 |  33.8 |      32 |      12 |  27.3
     Lair:4 |    4082 |     841 |  17.1 |      12 |       2 |  14.3
     Lair:5 |    9633 |   14455 |  60.0 |      27 |      47 |  63.5
    Swamp:1 |   10271 |       0 |   0.0 |      17 |       0 |   0.0
    Swamp:2 |    8323 |       0 |   0.0 |      17 |       0 |   0.0
    Swamp:3 |   19134 |    4630 |  19.5 |      35 |       2 |   5.4
    Swamp:4 |   16324 |   23535 |  59.0 |      28 |      33 |  54.1
    Snake:1 |   21207 |       0 |   0.0 |      36 |       0 |   0.0
    Snake:2 |    8142 |    2674 |  24.7 |      18 |       2 |  10.0
    Snake:3 |   27300 |   11208 |  29.1 |      49 |      10 |  16.9
    Snake:4 |   15594 |   33558 |  68.3 |      32 |      38 |  54.3
    Slime:1 |   14066 |       0 |   0.0 |      28 |       0 |   0.0
    Slime:2 |   17835 |    1147 |   6.0 |      39 |       5 |  11.4
    Slime:3 |   17506 |       0 |   0.0 |      21 |       0 |   0.0
    Slime:4 |   18000 |       0 |   0.0 |      36 |       0 |   0.0
    Slime:5 |    4890 |   14237 |  74.4 |      11 |      14 |  56.0
      Orc:1 |    2653 |    2633 |  49.8 |      25 |       8 |  24.2
      Orc:2 |    2047 |   16802 |  89.1 |      32 |      36 |  52.9
      Elf:1 |   23539 |   11981 |  33.7 |      36 |      20 |  35.7
      Elf:2 |    8230 |   21246 |  72.1 |      13 |      28 |  68.3
      Elf:3 |   19575 |   32123 |  62.1 |      31 |      28 |  47.5
   Vaults:1 |   20600 |   25392 |  55.2 |      39 |      34 |  46.6
   Vaults:2 |   29821 |   29730 |  49.9 |      38 |      42 |  52.5
   Vaults:3 |   24080 |   22960 |  48.8 |      31 |      34 |  52.3
   Vaults:4 |   12237 |   32298 |  72.5 |      18 |      24 |  57.1
   Vaults:5 |   41146 |   83691 |  67.0 |      56 |      80 |  58.8
   Depths:1 |    5553 |    4350 |  43.9 |       5 |       2 |  28.6
   Depths:2 |   35367 |   35391 |  50.0 |      35 |      39 |  52.7
   Depths:3 |   29839 |   60018 |  66.8 |      25 |      55 |  68.8
   Depths:4 |   36790 |   23454 |  38.9 |      29 |      19 |  39.6
       Hell |   17558 |   21302 |  54.8 |      29 |      31 |  51.7
      Zot:1 |   29647 |   41999 |  58.6 |      27 |      30 |  52.6
      Zot:2 |   40517 |    6158 |  13.2 |      34 |       4 |  10.5
      Zot:3 |   41455 |       0 |   0.0 |      35 |       0 |   0.0
      Zot:4 |   31044 |   29230 |  48.5 |      22 |      23 |  51.1
      Zot:5 |   27976 |   97399 |  77.7 |      25 |      41 |  62.1
    Abyss:1 |    5736 |       0 |   0.0 |      20 |       0 |   0.0
    Abyss:2 |   27940 |       0 |   0.0 |      62 |       0 |   0.0
    Abyss:3 |   67997 |   10068 |  12.9 |     128 |      23 |  15.2
        Pan |  190713 |   78603 |  29.2 |     247 |      81 |  24.7
      Zig:1 |     484 |       0 |   0.0 |       2 |       0 |   0.0
      Zig:2 |    1436 |       0 |   0.0 |       3 |       0 |   0.0
      Zig:3 |    1997 |       0 |   0.0 |       5 |       0 |   0.0
      Zig:4 |    6219 |       0 |   0.0 |       3 |       0 |   0.0
      Zig:5 |    4768 |       0 |   0.0 |       7 |       0 |   0.0
      Zig:7 |   12847 |       0 |   0.0 |       9 |       0 |   0.0
      Zig:8 |   13476 |       0 |   0.0 |       8 |       0 |   0.0
      Zig:9 |   11312 |       0 |   0.0 |      11 |       0 |   0.0
     Zig:10 |   12598 |       0 |   0.0 |      25 |       0 |   0.0
     Zig:11 |   24758 |       0 |   0.0 |      12 |       0 |   0.0
     Zig:12 |   17559 |       0 |   0.0 |      26 |       0 |   0.0
     Zig:13 |   19326 |       0 |   0.0 |      25 |       0 |   0.0
     Zig:14 |   27590 |       0 |   0.0 |      23 |       0 |   0.0
     Zig:15 |   27086 |    5124 |  15.9 |      20 |       4 |  16.7
     Zig:16 |   28121 |       0 |   0.0 |      26 |       0 |   0.0
     Zig:17 |    4816 |       0 |   0.0 |       8 |       0 |   0.0
      Sewer |       0 |     373 | 100.0 |       0 |      32 | 100.0
    Ossuary |       0 |     638 | 100.0 |       0 |      32 | 100.0
      IceCv |     231 |   11289 |  98.0 |       1 |      36 |  97.3
 Desolation |       0 |   43037 | 100.0 |       0 |      92 | 100.0
            +---------+---------+-------+---------+---------+-------

Skill      XL: |  1  2  3  4  5  6  7  8  9 10 11 12 13 14 15 16 17 18 19 20 21 22 23 24 25 26 27 |
---------------+----------------------------------------------------------------------------------+-----
Fighting       | 3 4 6 7 8 9 11 13 15 16 17 18 19 21 22 24 25 27 | 27.0
Translocations | 3 4 5 6 7 9 10 11 12 13 14 15 16 | 16.0
Maces & Flails | 3 4 5 6 7 8 10 12 13 14 15 16 18 21 22 24 27 | 27.0
Spellcasting   | 3 5 6 8 10 11 12 14 16 18 19 | 19.8
Armour         | 2 4 5 7 8 10 11 12 13 14 15 16 17 | 17.0
Dodging        | 3 4 6 7 9 |  9.6
Shields        | 2 3 |  3.0
Throwing       | 3 4 6 7 8 10 11 12 | 12.3
Invocations    | 2 6 9 12 13 14 16 17 18 | 18.0
Air Magic      | 3 4 5 |  5.0
Conjurations   | 4 5 |  5.0
Evocations     | 4 5 |  5.0
Shapeshifting  | 18 | 18.6
Necromancy     | 18 | 18.3

Action                     |  1- 3 |  4- 6 |  7- 9 | 10-12 | 13-15 | 16-18 | 19-21 | 22-24 | 25-27 || total
---------------------------+-------+-------+-------+-------+-------+-------+-------+-------+-------++-------
  Melee: Mace              |   125 |   213 |   475 |       |       |       |       |       |       ||   813
         Headbutt          |    14 |    31 |    58 |   119 |   126 |    38 |    58 |    86 |   244 ||   774
         Punch             |       |       |     6 |     6 |     7 |       |       |       |       ||    19
         Flail             |       |       |    89 |   752 |   552 |       |       |       |       ||  1393
         Giant club        |       |       |       |       |   463 |   211 |       |       |       ||   674
         Giant spiked club |       |       |       |       |       |   921 |  1140 |  1416 |  3908 ||  7385
         Kick              |       |       |       |       |       |       |       |       |   196 ||   196
         Bite              |       |       |       |       |       |       |       |       |    49 ||    49
         Pseudopods        |       |       |       |       |       |       |       |       |    25 ||    25
  Throw: Boomerang         |       |     1 |       |       |       |     2 |       |       |    11 ||    14
         Stone             |       |     2 |     3 |       |    11 |       |       |       |       ||    16
         Dart              |       |       |     2 |    10 |     8 |       |       |     2 |       ||    22
         Large rock        |       |       |       |       |       |     3 |       |       |     5 ||     8
         Throwing net      |       |       |       |       |       |       |       |     1 |       ||     1
         Javelin           |       |       |       |       |       |       |       |       |     1 ||     1
   Cast: Manifold Assault  |       |       |   100 |   272 |   405 |   693 |   620 |   658 |  1733 ||  4481
         Vhi's Electric Ch |       |       |       |       |       |       |     4 |    14 |    35 ||    53
         Passage of Golubr |       |       |       |       |       |       |       |     2 |    19 ||    21
         Apportation       |       |       |       |       |       |       |       |       |   137 ||   137
         Animate Dead      |       |       |       |       |       |       |       |       |     8 ||     8
         Death Channel     |       |       |       |       |       |       |       |       |     7 ||     7
         Fugue of the Fall |       |       |       |       |       |       |       |       |     1 ||     1
 Invoke: Cleansing Flame   |       |       |       |       |       |     2 |       |       |       ||     2
         Brand Weapon With |       |       |       |       |       |       |       |     1 |       ||     1
         Slimify           |       |       |       |       |       |       |       |       |     1 ||     1
  Evoke: Wand              |       |       |     4 |     5 |     9 |     6 |       |       |     7 ||    31
         Phantom mirror    |       |       |       |       |       |     1 |       |       |       ||     1
         Lightning rod     |       |       |       |       |       |       |     2 |       |       ||     2
    Use: Potion            |     1 |     4 |     4 |       |     3 |     2 |       |     3 |    23 ||    40
         Scroll            |       |       |    13 |    10 |    14 |    15 |     4 |     1 |    17 ||    74
   Stab: Invisible         |       |     5 |       |       |       |       |       |       |       ||     5
         Distracted        |       |       |       |       |       |       |       |       |     3 ||     3
 Armour: Robe              |    84 |   206 |   345 |   273 |   337 |   227 |       |       |       ||  1472
         Storm dragon scal |       |       |       |       |       |    39 |   212 |   306 |   861 ||  1418
         Skin              |       |       |       |       |       |       |       |       |   179 ||   179
  Dodge: Dodged            |    61 |   275 |   211 |   256 |   304 |   212 |   142 |    95 |   558 ||  2114
  Block: Other             |       |       |       |       |       |    26 |    44 |    34 |   156 ||   260
         Reflection        |       |       |       |       |       |     1 |     8 |     3 |     6 ||    18
   Form: Statue            |       |       |       |       |       |       |       |       |     2 ||     2
                           |       |       |       |       |       |       |       |       |     1 ||     1

Illustrated notes

Table legend:
 A = Kills in this place as a percentage of kills in the entire game.
 B = Kills by you in this place as a percentage of kills by you in the entire game.
 C = Kills by friends in this place as a percentage of kills by friends in the entire game.
 D = Other kills in this place as a percentage of other kills in the entire game.
 E = Experience gained in this place as a percentage of experience gained in the entire game.
 F = Experience gained in this place divided by the number of levels of this place that you have seen.
                   A       B       C       D       E      F
               +-------+-------+-------+-------+-------+----------------------
         Total | 100.0 | 100.0 | 100.0 | 100.0 | 100.0 | 23599.3
       Dungeon |  12.1 |  12.2 |   2.9 |   0.0 |   3.9 | 5659.0
          Lair |   5.8 |   5.9 |   2.9 |   0.0 |   2.6 | 11208.4
         Swamp |   4.1 |   4.1 |   5.7 |   0.0 |   3.8 | 20554.2
     Snake Pit |   5.8 |   5.9 |   0.0 |   0.0 |   5.5 | 29920.8
    Slime Pits |   4.8 |   4.9 |   0.0 |   0.0 |   4.0 | 17536.2
  Orcish Mines |   3.2 |   3.1 |   5.7 |   0.0 |   1.1 | 12067.5
   Elven Halls |   4.9 |   5.0 |   0.0 |   0.0 |   5.4 | 38898.0
        Vaults |  12.4 |  12.6 |   0.0 |   0.0 |  14.8 | 64391.0
        Depths |   6.7 |   6.8 |   0.0 |   0.0 |  10.8 | 58620.2
          Hell |   1.9 |   1.9 |   0.0 |   0.0 |   1.8 | 38860.0
           Zot |   7.7 |   7.8 |   0.0 |   0.0 |  16.0 | 69671.8
         Abyss |   7.3 |   7.3 |   5.7 |   0.0 |   5.1 | 15963.0
   Pandemonium |  10.3 |  10.4 |   0.0 |  50.0 |  12.4 | 26931.6
      Ziggurat |   6.8 |   6.0 |  77.1 |  50.0 |  10.1 | 12912.8
         Sewer |   1.0 |   1.0 |   0.0 |   0.0 |   0.0 | 373.0
       Ossuary |   1.0 |   1.0 |   0.0 |   0.0 |   0.0 | 638.0
      Ice Cave |   1.2 |   1.2 |   0.0 |   0.0 |   0.5 | 11520.0
    Desolation |   2.9 |   2.9 |   0.0 |   0.0 |   2.0 | 43037.0
               +-------+-------+-------+-------+-------+----------------------

Table legend: (Time is in decaauts)
 A = Elapsed time spent in this place.
 B = Non-inter-level travel time spent in this place.
 C = Inter-level travel time spent in this place.
 D = Time resting spent in this place.
 E = Time spent auto-exploring this place.
 F = Levels seen in this place.
 G = Mean time per level.
                   A        B        C        D        E       F      G
               +--------+--------+--------+--------+--------+-----+--------+
         Total | 108168 |  97553 |  10615 |  19447 |  58462 |  92 | 1175.7 |
       Dungeon |  26997 |  23084 |   3913 |   3522 |  14317 |  15 | 1799.8 |
        Temple |    201 |    183 |     18 |    179 |      0 |   1 |  201.0 |
          Lair |  13900 |  12176 |   1724 |   2382 |   8519 |   5 | 2780.0 |
         Swamp |   7489 |   7068 |    421 |   2382 |   4053 |   4 | 1872.2 |
     Snake Pit |   8167 |   7777 |    390 |   1146 |   5844 |   4 | 2041.8 |
    Slime Pits |   5028 |   4718 |    310 |   1789 |   2352 |   5 | 1005.6 |
  Orcish Mines |   3411 |   3023 |    388 |   1515 |   1167 |   2 | 1705.5 |
   Elven Halls |   6722 |   6209 |    513 |   1383 |   4088 |   3 | 2240.7 |
        Vaults |   8488 |   7779 |    709 |    396 |   5424 |   5 | 1697.6 |
        Depths |   6675 |   5025 |   1650 |    499 |   3381 |   4 | 1668.8 |
          Hell |    531 |    528 |      3 |      0 |    399 |   1 |  531.0 |
           Zot |   5718 |   5147 |    571 |    323 |   3256 |   5 | 1143.6 |
         Abyss |   1953 |   1953 |      0 |    567 |    641 |   7 |  279.0 |
   Pandemonium |   5191 |   5191 |      0 |    344 |   3107 |  10 |  519.1 |
      Ziggurat |   1479 |   1479 |      0 |    481 |     87 |  17 |   87.0 |
         Sewer |   1231 |   1231 |      0 |    648 |    240 |   1 | 1231.0 |
       Ossuary |   1519 |   1519 |      0 |    212 |    447 |   1 | 1519.0 |
      Ice Cave |   1637 |   1637 |      0 |   1008 |    348 |   1 | 1637.0 |
    Desolation |   1824 |   1824 |      0 |    664 |    791 |   1 | 1824.0 |
               +--------+--------+--------+--------+--------+-----+--------+

Top non-repeatable levels by time:
  Lair:5: 3617 daAuts
    D:14: 3267 daAuts
   Elf:3: 3097 daAuts
  Lair:3: 2998 daAuts
  Lair:2: 2972 daAuts
     D:7: 2839 daAuts
 Swamp:4: 2835 daAuts
     D:9: 2736 daAuts
 Snake:4: 2639 daAuts
 Snake:3: 2539 daAuts
Vaults:2: 2359 daAuts
Depths:3: 2314 daAuts
   Elf:1: 2243 daAuts
  Lair:1: 2216 daAuts
Vaults:1: 2177 daAuts
